Workbook
Name _R: #REF!
Name _R: #REF!
Name N: #REF!
Name N: #REF!
Name S: #REF!
Name S: #REF!

Sheet STG
C2: PROGRAMA A QUE SE REFIERE.
B4: Ubicación | D4: Inversión Total | F4: Meta | G4: Inicio | H4: TérmIno | J4: Estatus
B5: Mencionar municipios y localidades atendidaas
B7: Descripción breve del avance
B8: personas | E8: Serrvicios | G8: Apoyos
B17: Vertiente en base al plan sectoria
B18: Objetivo: se refiere a el objetivo del programa y su alcance Estrategia: de acuedo al plan sectorial Linea de Acción: de acuerdo al plan sectorial
B27: FOTO #1 PIE DE FOTO (BREVE DESCRIPCION, ACTIVIDAD, MES, LOCALIDAD, MUNICIPIO, ETC.) | E27: FOTO #2 PIE DE FOTO (BREVE DESCRIPCION, ACTIVIDAD, MES, LOCALIDAD, MUNICIPIO, ETC.) | I27: FOTO #3 PIE DE FOTO (BREVE DESCRIPCION, ACTIVIDAD, MES, LOCALIDAD, MUNICIPIO, ETC.)

Sheet SIIP
A1: SISTEMA ESTATAL PARA EL DESARROLLO INTEGRAL DE LA FAMILIA DEL ESTADO DE SAN LUIS POTOSI
F3: SISTEMA DE INFORMACIÓN DE LA INVERSIÓN PÚBLICA (SIIP 2024) / INTEGRACIÓN DEL 3er INFORME DE GOBIERNO
F4: INFORMACIÓN MÍNIMA PARA CAPTURAR
B6: Dirección / Unidad Administrativa :
A7: Nombre de la Obra o Acción | B7: Fechas (dd/mm/aa) | D7: Meta | F7: Localización Anotar Municipio ó Varios Municipios ó Todo el Estado | G7: Beneficiarios | I7: Inversión | L7: Porcentaje de Avance Mensual (%)
B8: Inicio | C8: Término | D8: Unidad de Medida | E8: Cantidad | G8: Personas | H8: Familias | I8: Federal (Anotar X) | J8: Estatal (Anotar 1, 2, 3, 4) | K8: Monto | L8: Fisico | M8: Financiero | N8: Meta
G9: ='1'!AL25 -> 18
A17: Notas: En caso de que un registro tenga inversión estatal y federal, utilizar un renglón por cada tipo. Favor de agregar las filas que considere necesarias. Puede hacer más anchas las columnas que considere necesarias. | H17: Fuentes de financiamiento según catálogos del SIIP 2024:
H18: Federal | I18: Federales - 2011 - Aportación Federal a Convenios (Antes Convenios Federales)
H19: Estatal | I19: 1.- Estatales - 2011 - Recursos Propios -Inv. Directa- (Antes Obras y Acciones, Inversión Directa)
I20: 2.- Estatales - 2011 - Ingresos Propios de Dependencias (Antes Recursos Propios del Organismo) (Esto genera captura de Expediente Técnico en Sistema de Finanzas, relacionado con CPI)
I21: 3.- Estatales - 2011 - Fondo de Aportaciones Múltiples FAM -Asistencia Social- (Antes FAM)
I22: 4.- Estatales - 2011 - Subsidios
K27: Fecha de elaboración: ____ de Junio de 2024

Sheet METAS (PED)
A5: Objetivo 1. Beneficiar a más de un millón de personas sujetas a la asistencia social con programas de salud, alimentación a niñas y niños, apoyos para mujeres, madres solteras, personas con discapacidad, adultos mayores, jóvenes y migrantes.
A6: Estrategia 1.2 Contribuir al desarrollo integral de las niñas, niños y adolescentes.
P7: SERVICIO: | Q7: ='POA-2026'!M58 -> 3300
P8: APOYOS | Q8: ='POA-2026'!M59 -> 42129
P9: PERSONA | Q9: ='POA-2026'!M60 -> 23
A12: Estrategia 1.3 Incrementar los apoyos sociales para mujeres y adultos mayores.
P13: SERVICIO: | Q13: ='POA-2026'!M63 -> 6336
P14: APOYOS | Q14: ='POA-2026'!M64 -> 66
A16: Estrategia 1.8 Asegurar la calidad en la atención a grupos en situación de riesgo o desamparo a través de las instituciones de asistencia social en el Estado, garantizando el cumplimiento de las leyes en la materia.
P17: SERVICIOS | Q17: ='POA-2026'!M69 -> 300

Sheet FICHA TEC.
C2: PROGRAMA A QUE SE REFIERE.
B4: Ubicación | D4: Inversión Total | F4: Meta | G4: Inicio | H4: TérmIno | J4: Estatus
B5: Mencionar municipios y localidades atendidaas
B7: Descripción breve del avance
B8: personas | C8: ='1'!AL88+AL88 -> 0 | E8: apoyos | F8: ='1'!AL82+AL89+AL89 -> 0 | I8: servicios | J8: ='1'!AL83+AL90+AL90 -> 453
B9: Describir la actividad asi como el avance de la misma en caso de tener una meta por alcanzar, mencionar numero de beneficiarios apoyos bridados etc,
B17: Vertiente en base al plan sectoria
B18: Objetivo: se refiere a el objetivo del programa y su alcance Estrategia: de acuedo al plan sectorial Linea de Acción: de acuerdo al plan sectorial
B27: FOTO #1 PIE DE FOTO (BREVE DESCRIPCION, ACTIVIDAD, MES, LOCALIDAD, MUNICIPIO, ETC.) | E27: FOTO #2 PIE DE FOTO (BREVE DESCRIPCION, ACTIVIDAD, MES, LOCALIDAD, MUNICIPIO, ETC.) | I27: FOTO #3 PIE DE FOTO (BREVE DESCRIPCION, ACTIVIDAD, MES, LOCALIDAD, MUNICIPIO, ETC.)

Sheet SNIMAS
B4: SEDIF San Luis
B6: Consenso de Montevideo
A8: Contesta las siguientes preguntas (extensión mínima de un párrafo):
E10: 1. ¿Qué programas y/o acciones se implementan en el SEDIF para lograr la integración plena de la población y su dinámica en el desarrollo sostenible con igualdad y respeto de los derechos humanos?
E15: 2. ¿Cómo se garantizan los Derechos, las necesidades, responsabilidades y demandas de niños, niñas, adolescentes?
A18: INDICADORES SNIMAS
A19: PERIODO REPORTADO: ENERO-MARZO | F19: AÑO: 2025
A20: (XXXXX) | F20: SISTEMA ESTATAL: SAN LUIS POTOSÍ
H21: ENERO | K21: FEBRERO | N21: MARZO | Q21: 1er. Trimestre
A23: Unidad/ Dirección | B23: Clave | C23: Indicador | H23: Valor | I23: Comentarios | K23: Valor | L23: Comentarios | N23: Valor | O23: Comentarios | Q23: Valor | R23: Comentarios
A24: Dirección General de Alimentación y Desarrollo Comunitario | B24: A1 | C24: Número de desayunos escolares fríos otorgados a nivel preescolar de TRIMESTRE
B25: A2 | C25: Número de desayunos escolares fríos otorgados a nivel primaria de TRIMESTRE
B26: A3 | C26: Número de desayunos escolares fríos otorgados a nivel secundaria de TRIMESTRE
B27: A4 | C27: Número de desayunos escolares calientes otorgados a nivel preescolar de TRIMESTRE
B28: A5 | C28: Número de desayunos escolares calientes otorgados a nivel primaria de TRIMESTRE
B29: A6 | C29: Número de desayunos escolares calientes otorgados a nivel secundaria de TRIMESTRE
B30: A7 | C30: Número de dotaciones alimentarias entregadas en el Programa de Asistencia Social Alimentaria en los Primeros 1000 días de vida de TRIMESTRE
B31: A8 | C31: Número de comidas de un tiempo entregadas en espacios alimentarios del Programa de Asistencia Social Alimentaria en los Primeros 1000 días de vida de TRIMESTRE
B32: A9 | C32: Número de apoyos alimentarios de prevención, previsión, atención y/o recuperación del Programa de Atención a Población en Condiciones de Emergencia de TRIMESTRE
A33: Unidad de Atención a Población Vulnerable | B33: C1 | C33: Número de niñas de hasta 11 años 11 meses de edad atendidas con motivo de prevención de la violencia familiar de TRIMESTRE
B34: C2 | C34: Número de niños de hasta 11 años 11 meses de edad atendidos con motivo de prevención de la violencia familiar de TRIMESTRE
B35: C3 | C35: Número de mujeres adolescentes de 12 años y hasta 17 años 11 meses de edad atendidas con motivo de prevención de la violencia familiar de TRIMESTRE
B36: C4 | C36: Número de hombres adolescentes de 12 años y hasta 17 años 11 meses de edad atendidos con motivo de prevención de la violencia familiar de TRIMESTRE
B37: C5 | C37: Número de familias atendidas con motivo de prevención de la violencia familiar de TRIMESTRE
B38: C6 | C38: Número de niñas de hasta 11 años 11 meses de edad atendidas con motivo de prevención de conductas de riesgo de TRIMESTRE
B39: C7 | C39: Número de niños de hasta 11 años 11 meses de edad atendidos con motivo de prevención de conductas de riesgo de TRIMESTRE
B40: C8 | C40: Número de mujeres adolescentes de 12 años y hasta 17 años 11 meses de edad atendidas con motivo de prevención de conductas de riesgo de TRIMESTRE
B41: C9 | C41: Número de hombres adolescentes de 12 años y hasta 17 años 11 meses de edad atendidos con motivo de prevención de conductas de riesgo de TRIMESTRE
B42: C10 | C42: Número de mujeres adultas mayores (de 60 años y más) a las que se les brindó asesoría psicológica de TRIMESTRE
B43: C11 | C43: Número de hombres adultos mayores (de 60 años y más) a los que se les brindó asesoría psicológica de TRIMESTRE
B44: C12 | C44: Número de mujeres adultas mayores (de 60 años y más) a las que se les brindó asesoría jurídica de TRIMESTRE
B45: C13 | C45: Número de hombres adultos mayores (de 60 años y más) a los que se les brindó asesoría jurídica de TRIMESTRE
... B55: C23 | C55: Número de hombres adultos mayores (de 60 años y más) en situación de calle que fueron atendidos con algún servicio por los Sistemas Estatales DIF de TRIMESTRE
A56: Dirección General de Integración Social | B56: D1 | C56: Número de niñas de hasta 11 años 11 meses de edad que reciben acogimiento residencial por los Sistemas Estatales DIF de TRIMESTRE | H56: ='1'!AN18 -> 6 | N56: =#REF! -> #REF! | Q56: =H56+K56+N56 -> #REF!
B57: D2 | C57: Número de niños de hasta 11 años 11 meses de edad que reciben acogimiento residencial por los Sistemas Estatales DIF de TRIMESTRE
B58: D3 | C58: Número de mujeres adolescentes de 12 años y hasta 17 años 11 meses de edad albergadas en Centros de Asistencia Social que otorgan acogimiento residencial por los Sistemas Estatales DIF TRIMESTRE | H58: ='1'!AN21 -> 12 | N58: =#REF! -> #REF! | Q58: =H58+K58+N58 -> #REF!
B59: D4 | C59: Número de hombres adolescentes de 12 años y hasta 17 años 11 meses de edad albergados en Centros de Asistencia Social que otorgan acogimiento residencial por los Sistemas Estatales DIF de TRIMESTRE
B60: D5 | C60: Número de mujeres adultas mayores (de 60 años y más) atendidas en Centros Gerontológicos y Casas Hogar para Ancianos en modalidad de residencia de TRIMESTRE
B61: D6 | C61: Número de hombres adultos mayores (de 60 años y más) atendidos en Centros Gerontológicos y Casas Hogar para Ancianos en modalidad de residencia de TRIMESTRE
B62: D7 | C62: Número de mujeres adultas mayores (de 60 años y más) atendidas en Centros Gerontológicos y Casas Hogar para Ancianos en modalidad de atención de día de TRIMESTRE
B63: D8 | C63: Número de hombres adultos mayores (de 60 años y más) atendidos en Centros Gerontológicos y Casas Hogar para Ancianos en modalidad de atención de día de TRIMESTRE
A64: Dirección General de Rehabilitación e Inclusión | B64: E1 | C64: Número de consultas médicas especializadas de primera vez dadas en los Centros y/o Unidades de Rehabilitación de TRIMESTRE
B65: E2 | C65: Número de consultas médicas especializadas dadas en los Centros y/o Unidades de Rehabilitación de TRIMESTRE
B66: E3 | C66: Número de consultas paramédicas especializadas dadas en los Centros y/o Unidades de Rehabilitación de TRIMESTRE
B67: E4 | C67: Número de terapias físicas dadas en los Centros y/o Unidades de Rehabilitación de TRIMESTRE
B68: E5 | C68: Número de terapias ocupacionales dadas en los Centros y/o Unidades de Rehabilitación de TRIMESTRE
B69: E6 | C69: Número de terapias de lenguaje dadas en los Centros y/o Unidades de Rehabilitación de TRIMESTRE | T69: Imagen ilustrativa del Indicador E9.1
B70: E7 | C70: Número de terapias psicológicas dadas en los Centros y/o Unidades de Rehabilitación de TRIMESTRE
B71: E8 | C71: Número de piezas de órtesis fabricadas o reparadas en los CREE y CRI de TRIMESTRE
B72: E9 | C72: Número de piezas de prótesis (todos las partes del cuerpo) fabricadas o reparadas de en los CREE y CRI de TRIMESTRE
B73: E9.1 | C73: Número de piezas de prótesis en parte superior del cuerpo (del tronco hasta la cabeza) fabricadas o reparadas en los CREE y CRI de ATRIMESTRE | T73: Imagen ilustrativa del Indicador E9.2
B74: E9.2 | C74: Número de piezas de prótesis en parte inferior del cuerpo (debajo de la cadera hasta pies) fabricadas o reparadas en los CREE y CRI de TRIMESTRE
B75: E10 | C75: Número de personas (que presentan limitaciones en sus actividades cotidianas o tienen alguna discapacidad) beneficiarias de las acciones de Inclusión Educativa dadas en los Centros y/o Unidades de Rehabilitación de TRIMESTRE
B76: E11 | C76: Número de personas (que presentan limitaciones en sus actividades cotidianas o tienen alguna discapacidad) beneficiarias de las acciones de Inclusión Laboral dadas en los Centros y/o Unidades de Rehabilitación de TRIMESTRE
B77: E12 | C77: Número de acciones de prevención de la discapacidad realizadas en los Centros y/o Unidades de Rehabilitación de TRIMESTRE
B78: E13 | C78: Número de personas (que presentan limitaciones en sus actividades cotidianas o tienen alguna discapacidad) a quienes se les otorgó certificado de discapacidad de TRIMESTRE
B79: E14 | C79: Número de personas (que presentan limitaciones en sus actividades cotidianas o tienen alguna discapacidad) a quienes se les otorgó credencial de TRIMESTRE
B80: E15 | C80: Número de estudios de apoyo diagnóstico realizados en los CREE, CRI y UBR de TRIMESTRE

Sheet POA-2026
E1: CENTRO DE ASISTENCIA SOCIAL ROSARIO CASTELLANOS
E2: PROGRAMA OPERATIVO ANUAL 2026
A4: INSTITUCIÓN:CENTRO DE ASISTENCIA SOCIAL ROSARIO CASTELLANOS | P4: INVERSIÓN: | R4: 14028446
A5: MUNICIPIO: | B5: SAN LUIS POTOSÍ | P5: FUENTE DE FINANCIAMIENTO: SUBSIDIO GESLP
A6: LOCALIDAD | B6: SAN LUIS POTOSÍ
A7: Objetivo 1. Beneficiar a más de un millón de personas sujetas a la asistencia social con programas de salud, alimentación a niñas y niños, apoyos para mujeres, madres solteras, personas con discapacidad, adultos mayores, jóvenes y migrantes.
A8: Estrategia 1.2 Contribuir al desarrollo integral de las niñas, niños y adolescentes.
A9: Estrategía 1.3 Incrementar los apoyos sociales para mujeres y adultos mayores
A10: Estrategia 1.8 Asegurar la calidad en la atención a grupos en situación de riesgo o desamparo a través de las instituciones de asistencia social en el Estado, garantizando el cumplimiento de las leyes en la materia.
A11: LINEA DE ACCION | B11: ACTIVIDAD | C11: UNIDAD DE MEDIDA | D11: TIPO DE POBLACION | F11: ENE | G11: FEB | H11: MAR | I11: ABR | J11: MAY | K11: JUN | L11: JUL | M11: AGO | N11: SEP | O11: OCT | P11: NOV | Q11: DIC | R11: TOTAL | S11: META ANUAL | T11: % AVANCE
D12: ABIERTA | E12: CAUTIVA
B13: POBLACION ALBERGADA
A14: 1.2 | B14: NIÑAS Y ADOLESCENTES | C14: PERSONA | E14: * | F14: 23 | G14: 2 | H14: 2 | I14: 2 | J14: 2 | K14: 2 | L14: 2 | M14: 2 | N14: 2 | O14: 2 | P14: 2 | Q14: 2 | R14: =MAX(F14:Q14) -> 23 | S14: =R14 -> 23 | T14: =R14/S14 -> 1
B15: REST. FAM. | C15: SERVICIO | E15: * | F15: 2 | G15: 2 | H15: 2 | I15: 2 | J15: 2 | K15: 2 | L15: 2 | M15: 2 | N15: 2 | O15: 2 | P15: 2 | Q15: 2 | R15: =SUM(F15:Q15) -> 24 | S15: =R15 -> 24 | T15: =R15/S15 -> 1
B16: CANALIZACION A OTRO CENTRO | C16: SERVICIO | E16: * | F16: 1 | G16: 0 | H16: 0 | I16: 0 | J16: 0 | K16: 0 | L16: 1 | M16: 0 | N16: 0 | O16: 0 | P16: 0 | Q16: 0 | R16: =SUM(F16:Q16) -> 2 | S16: =R16 -> 2 | T16: =R16/S16 -> 1
B17: ADOPCION | C17: SERVICIO | E17: * | F17: 0 | G17: 0 | H17: 0 | I17: 0 | J17: 0 | K17: 0 | L17: 1 | M17: 0 | N17: 0 | O17: 0 | P17: 0 | Q17: 1 | R17: =SUM(F17:Q17) -> 2 | S17: =R17 -> 2 | T17: =R17/S17 -> 1
B18: BRINDAR ALIMENTACIÓN | C18: SERVICIO | E18: * | F18: 23 | G18: 23 | H18: 23 | I18: 23 | J18: 23 | K18: 23 | L18: 23 | M18: 23 | N18: 23 | O18: 23 | P18: 23 | Q18: 23 | R18: =SUM(F18:Q18) -> 276 | S18: =R18 -> 276 | T18: =R18/S18 -> 1
B19: ALIMENTACION DIARIA | C19: APOYO | E19: * | F19: 3565 | G19: 3220 | H19: 3565 | I19: 3450 | J19: 3565 | K19: 3450 | L19: 3565 | M19: 3565 | N19: 3450 | O19: 3565 | P19: 3450 | Q19: 3450 | R19: =SUM(F19:Q19) -> 41860 | S19: =R19 -> 41860 | T19: =R19/S19 -> 1
B20: ATENCIÓN SOCIAL
A21: 1.2 | B21: ENTREVISTA INICIAL Y SEGUIMIENTO | C21: SERVICIO | D21: * | F21: 23 | G21: 2 | H21: 2 | I21: 2 | J21: 2 | K21: 2 | L21: 25 | M21: 2 | N21: 2 | O21: 2 | P21: 2 | Q21: 2 | R21: =SUM(F21:Q21) -> 68 | S21: =R21 -> 68 | T21: =R21/S21 -> 1
B22: VINCULACION FAMILIAR | C22: SERVICIO | D22: * | F22: 15 | G22: 15 | H22: 15 | I22: 15 | J22: 15 | K22: 15 | L22: 15 | M22: 15 | N22: 15 | O22: 15 | P22: 15 | Q22: 15 | R22: =SUM(F22:Q22) -> 180 | S22: =R22 -> 180 | T22: =R22/S22 -> 1
B23: SUPERVISION DE CONVIVENCIAS | C23: SERVICIO | E23: * | F23: 25 | G23: 25 | H23: 25 | I23: 25 | J23: 25 | K23: 25 | L23: 25 | M23: 25 | N23: 25 | O23: 25 | P23: 25 | Q23: 25 | R23: =SUM(F23:Q23) -> 300 | S23: =R23 -> 300 | T23: =R23/S23 -> 1
B24: ENLACE INTERINSTITUCIONAL | C24: SERVICIO | E24: * | F24: 6 | G24: 6 | H24: 6 | I24: 6 | J24: 6 | K24: 6 | L24: 6 | M24: 6 | N24: 6 | O24: 6 | P24: 6 | Q24: 6 | R24: =SUM(F24:Q24) -> 72 | S24: =R24 -> 72 | T24: =R24/S24 -> 1
B25: ATENCION PSICOPEDAGOGICA
A26: 1.2 | B26: VALORACIÓN INDIVIDUAL | C26: SERVICIO | D26: * | F26: 23 | G26: 3 | H26: 3 | I26: 3 | J26: 3 | K26: 3 | L26: 3 | M26: 26 | N26: 3 | O26: 3 | P26: 3 | Q26: 3 | R26: =SUM(F26:Q26) -> 79 | S26: =R26 -> 79 | T26: =R26/S26 -> 1
B27: ATENCION PSICOLOGICA INDIVIDUAL | C27: SERVICIO | D27: * | F27: 92 | G27: 92 | H27: 92 | I27: 92 | J27: 92 | K27: 92 | L27: 92 | M27: 92 | N27: 92 | O27: 92 | P27: 92 | Q27: 92 | R27: =SUM(F27:Q27) -> 1104 | S27: =R27 -> 1104 | T27: =R27/S27 -> 1
B28: ATENCION DE PSIQUIATRIA | C28: SERVICIO | E28: * | F28: 7 | G28: 7 | H28: 7 | I28: 7 | J28: 7 | K28: 7 | L28: 7 | M28: 7 | N28: 7 | O28: 7 | P28: 7 | Q28: 7 | R28: =SUM(F28:Q28) -> 84 | S28: =R28 -> 84 | T28: =R28/S28 -> 1
B29: SESIONES GRUPALES | C29: SERVICIO | E29: * | F29: 12 | G29: 12 | H29: 12 | I29: 12 | J29: 12 | K29: 12 | L29: 12 | M29: 12 | N29: 12 | O29: 12 | P29: 12 | Q29: 12 | R29: =SUM(F29:Q29) -> 144 | S29: =R29 -> 144 | T29: =R29/S29 -> 1
B30: ATENCIÓN MEDICA
A31: 1.2 | B31: VALORACIÓN INICIAL | C31: SERVICIO | D31: * | F31: 23 | G31: 2 | H31: 2 | I31: 2 | J31: 2 | K31: 2 | L31: 2 | M31: 2 | N31: 2 | O31: 2 | P31: 2 | Q31: 2 | R31: =SUM(F31:Q31) -> 45 | S31: =R31 -> 45 | T31: =R31/S31 -> 1
B32: REHABILITACIÓN FISICA | C32: SERVICIO | E32: * | F32: 1 | G32: 1 | H32: 1 | I32: 1 | J32: 1 | K32: 1 | L32: 1 | M32: 1 | N32: 1 | O32: 1 | P32: 1 | Q32: 1 | R32: =SUM(F32:Q32) -> 12 | S32: =R32 -> 12 | T32: =R32/S32 -> 1
B33: LABORATORIOS Y ESTUDIOS CLÍNICOS | C33: APOYO | E33: * | F33: 23 | G33: 3 | H33: 3 | I33: 10 | J33: 3 | K33: 3 | L33: 3 | M33: 10 | N33: 3 | O33: 3 | P33: 3 | Q33: 10 | R33: =SUM(F33:Q33) -> 77 | S33: =R33 -> 77 | T33: =R33/S33 -> 1
B34: ATEN. MEDICA/ENFERMERIA | C34: SERVICIO | E34: * | F34: 50 | G34: 50 | H34: 50 | I34: 50 | J34: 50 | K34: 50 | L34: 50 | M34: 50 | N34: 50 | O34: 50 | P34: 50 | Q34: 50 | R34: =SUM(F34:Q34) -> 600 | S34: =R34 -> 600 | T34: =R34/S34 -> 1
B35: ATENCION ESPECIALIDADES MÉDICAS | C35: SERVICIO | E35: * | F35: 10 | G35: 10 | H35: 10 | I35: 10 | J35: 10 | K35: 10 | L35: 10 | M35: 10 | N35: 10 | O35: 10 | P35: 10 | Q35: 10 | R35: =SUM(F35:Q35) -> 120 | S35: =R35 -> 120 | T35: =R35/S35 -> 1
B36: ATENCION DE NUTRICIÓN | C36: SERVICIO | E36: * | F36: 23 | G36: 23 | H36: 23 | I36: 23 | J36: 23 | K36: 23 | L36: 23 | M36: 23 | N36: 23 | O36: 23 | P36: 23 | Q36: 23 | R36: =SUM(F36:Q36) -> 276 | S36: =R36 -> 276 | T36: =R36/S36 -> 1
B37: INSCRIPCIÓN SERV.SALUD | C37: SERVICIO | E37: * | F37: 3 | G37: 3 | H37: 3 | I37: 3 | J37: 3 | K37: 3 | L37: 3 | M37: 3 | N37: 3 | O37: 3 | P37: 3 | Q37: 3 | R37: =SUM(F37:Q37) -> 36 | S37: =R37 -> 36 | T37: =R37/S37 -> 1
B38: TRAT. FARMACOLOGICOS | C38: APOYO | E38: * | F38: 16 | G38: 16 | H38: 16 | I38: 16 | J38: 16 | K38: 16 | L38: 16 | M38: 16 | N38: 16 | O38: 16 | P38: 16 | Q38: 16 | R38: =SUM(F38:Q38) -> 192 | S38: =R38 -> 192 | T38: =R38/S38 -> 1
B39: EDUCACIÓN Y FORMACIÓN
A40: 1.3.3 | B40: ESCOLARIZACIÓN | C40: APOYO | E40: * | F40: 23 | G40: 2 | H40: 2 | I40: 2 | J40: 2 | K40: 2 | L40: 23 | M40: 2 | N40: 2 | O40: 2 | P40: 2 | Q40: 2 | R40: =SUM(F40:Q40) -> 66 | S40: =R40 -> 66 | T40: =R40/S40 -> 1
B41: ATENCIÓN ACADEMICA | C41: SERVICIO | E41: * | F41: 460 | G41: 460 | H41: 460 | I41: 460 | J41: 460 | K41: 460 | L41: 460 | M41: 460 | N41: 460 | O41: 460 | P41: 460 | Q41: 460 | R41: =SUM(F41:Q41) -> 5520 | S41: =R41 -> 5520 | T41: =R41/S41 -> 1
B42: ATENCION EDUC. ESPECIAL | C42: SERVICIO | E42: * | F42: 7 | G42: 7 | H42: 7 | I42: 7 | J42: 7 | K42: 7 | L42: 7 | M42: 7 | N42: 7 | O42: 7 | P42: 7 | Q42: 7 | R42: =SUM(F42:Q42) -> 84 | S42: =R42 -> 84 | T42: =R42/S42 -> 1
B43: HABILIDADES DE DESARROLLO | C43: SERVICIO | E43: * | F43: 12 | G43: 12 | H43: 12 | I43: 12 | J43: 12 | K43: 12 | L43: 12 | M43: 12 | N43: 12 | O43: 12 | P43: 12 | Q43: 12 | R43: =SUM(F43:Q43) -> 144 | S43: =R43 -> 144 | T43: =R43/S43 -> 1
B44: TALLERES DE AUTOEMPLEO | C44: SERVICIO | E44: * | F44: 68 | G44: 68 | H44: 68 | I44: 68 | J44: 68 | K44: 68 | L44: 68 | M44: 68 | N44: 68 | O44: 68 | P44: 68 | Q44: 68 | R44: =SUM(F44:Q44) -> 816 | S44: =R44 -> 816 | T44: =R44/S44 -> 1
B45: VINCULACION LABORAL | C45: SERVICIO | E45: * | F45: 2 | G45: 2 | H45: 2 | I45: 2 | J45: 2 | K45: 2 | L45: 2 | M45: 2 | N45: 2 | O45: 2 | P45: 2 | Q45: 2 | R45: =SUM(F45:Q45) -> 24 | S45: =R45 -> 24 | T45: =R45/S45 -> 1
B46: TRANSPARENCIA
A47: 1.8.1 | B47: CUMPLIMIENTO OBLIGACIONES | C47: SERVICIO | D47: * | F47: 100 | G47: 100 | H47: 100 | I47: 100 | J47: 100 | K47: 100 | L47: 100 | M47: 100 | N47: 100 | O47: 100 | P47: 100 | Q47: 100 | R47: =MAX(F47:Q47) -> 100 | S47: 100 | T47: =R47/S47 -> 1
B48: ESTATAL | C48: SERVICIO | D48: * | F48: 100 | G48: 100 | H48: 100 | I48: 100 | J48: 100 | K48: 100 | L48: 100 | M48: 100 | N48: 100 | O48: 100 | P48: 100 | Q48: 100 | R48: =MAX(F48:Q48) -> 100 | S48: =R48 -> 100 | T48: =R48/S48 -> 1
B49: NACIONAL | C49: SERVICIO | D49: * | F49: 100 | G49: 100 | H49: 100 | I49: 100 | J49: 100 | K49: 100 | L49: 100 | M49: 100 | N49: 100 | O49: 100 | P49: 100 | Q49: 100 | R49: =MAX(F49:Q49) -> 100 | S49: =R49 -> 100 | T49: =R49/S49 -> 1
A50: OBSERVACIONES:
B52: META ANUAL DE SERVICIOS | C52: =SUM(S15:S17)+SUM(S21:S23)+SUM(S27:S41)+SUM(S32:S37)+SUM(S40:S45)+SUM(S47:S49) -> 16927
B53: PERSONAS | C53: =S14 -> 23
B54: VINCULACION FAMILIAR | C54: =S22 -> 180
A55: *PRESUPUESTO ANUAL AUTORIZADO PARA EL RUBRO DE ALIMENTACIÓN, SUBSIDIO ESTATAL GESLP
A56: ** SE CONSIDERAN 5 RACIONES DE ALIMENTO PROPORCIONADAS DIARIAMENTE (DESAYUNO, COMIDA Y CENA Y 2 COLACIONES)
A58: Estrategia 1.2 Contribuir al desarrollo integral de las niñas, niños y adolescentes. | L58: SERVICIO: | M58: =SUM(S15:S18)+SUM(S21:S24)+SUM(S27:S29)+S32+SUM(S34:S37) -> 3300
L59: APOYOS | M59: =S19+S33+S38 -> 42129
L60: PERSONA | M60: =S14 -> 23
A63: Estrategia 1.3 Incrementar los apoyos sociales para mujeres y adultos mayores. | L63: SERVICIO: | M63: =R41+R44 -> 6336
L64: APOYOS | M64: =S40 -> 66
A69: Estrategia 1.8 Asegurar la calidad en la atención a grupos en situación de riesgo o desamparo a través de las instituciones de asistencia social en el Estado, garantizando el cumplimiento de las leyes en la materia. | L69: SERVICIOS | M69: =R47+R48+R49 -> 300

Sheet FORMATO
B2: SISTEMA PARA EL DESARROLLO INTEGRAL DE LA FAMILIA DEL ESTADO DE SAN LUIS POTOSÍ
A3: UNIDADES ADMINISTRATIVA :
A7: INFORME DE AVANCE MENSUAL DEL MES DE. __________________________2025
A9: Objetivo 1. | B9: Beneficiar a más de un millón de personas sujetas a la asistencia social con programas de salud, alimentación a niñas y niños, apoyos para mujeres, madres solteras, personas con discapacidad, adultos mayores, jóvenes y migrantes.
A10: Estrategia 1.2 | B10: Contribuir al desarrollo integral de las niñas, niños y adolescentes.
A11: LINEA DE ACCION 1.2.1 | B11: Brindar albergue en Centros Asistenciales con personal altamente capacitado con perespectiva de niñez y de discapacidad
A12: ACTIVIDAD | B12: GRUPO DE EDAD | C12: UNIDAD DE MEDIDA | D12: TIPO DE POBLACIÓN
F13: ZA | N13: ZC | V13: ZM | AD13: ZH
D14: ABIERTA | E14: CAUTIVA | F14: H | J14: M | N14: H | R14: M | V14: H | Z14: M | AD14: H | AH14: M | AL14: AVANCE | AM14: personas | AO14: Altiplano | AQ14: Centro | AS14: Media | AU14: Huasteca
F15: PD | G15: PO | H15: AFD | I15: PG | J15: PD | K15: PO | L15: AFD | M15: PG | N15: PD | O15: PO | P15: AFD | Q15: PG | R15: PD | S15: PO | T15: AFD | U15: PG | V15: PD | W15: PO | X15: AFD | Y15: PG | Z15: PD | AA15: PO | AB15: AFD | AC15: PG | AD15: PD | AE15: PO | AF15: AFD | AG15: PG | AH15: PD | AI15: PO | AJ15: AFD | AK15: PG | AM15: hombres | AN15: mujeres | AO15: hombres | AP15: mujeres | AQ15: hombres | AR15: mujeres | AS15: hombres | AT15: mujeres | AU15: hombres | AV15: mujeres
A16: POBLACION ALBERGADA | B16: 0 a 11 Años | C16: Servicio | AL16: =SUM(F16:AK16) -> 0 | AM16: =SUM(F16:I16)+SUM(N16:Q16)+SUM(V16:Y16)+SUM(AD16:AG16) -> 0 | AN16: =SUM(J16:M16)+SUM(R16:U16)+SUM(Z16:AC16)+SUM(AH16:AK16) -> 0 | AO16: =SUM(F16:I16) -> 0 | AP16: =SUM(J16:M16) -> 0 | AQ16: =SUM(N16:Q16) -> 0 | AR16: =SUM(R16:U16) -> 0 | AS16: =SUM(V16:Y16) -> 0 | AT16: =SUM(Z16:AC16) -> 0 | AU16: =SUM(AD16:AG16) -> 0 | AV16: =SUM(AH16:AK16) -> 0
C17: Apoyo | AL17: =SUM(F17:AK17) -> 0 | AM17: =SUM(F17:I17)+SUM(N17:Q17)+SUM(V17:Y17)+SUM(AD17:AG17) -> 0 | AN17: =SUM(J17:M17)+SUM(R17:U17)+SUM(Z17:AC17)+SUM(AH17:AK17) -> 0 | AO17: =SUM(F17:I17) -> 0 | AP17: =SUM(J17:M17) -> 0 | AQ17: =SUM(N17:Q17) -> 0 | AR17: =SUM(R17:U17) -> 0 | AS17: =SUM(V17:Y17) -> 0 | AT17: =SUM(Z17:AC17) -> 0 | AU17: =SUM(AD17:AG17) -> 0 | AV17: =SUM(AH17:AK17) -> 0
C18: Persona | E18: X | AL18: =SUM(F18:AK18) -> 0 | AM18: =SUM(F18:I18)+SUM(N18:Q18)+SUM(V18:Y18)+SUM(AD18:AG18) -> 0 | AN18: =SUM(J18:M18)+SUM(R18:U18)+SUM(Z18:AC18)+SUM(AH18:AK18) -> 0 | AO18: =SUM(F18:I18) -> 0 | AP18: =SUM(J18:M18) -> 0 | AQ18: =SUM(N18:Q18) -> 0 | AR18: =SUM(R18:U18) -> 0 | AS18: =SUM(V18:Y18) -> 0 | AT18: =SUM(Z18:AC18) -> 0 | AU18: =SUM(AD18:AG18) -> 0 | AV18: =SUM(AH18:AK18) -> 0
B19: 12 a 17 Años | C19: Servicio | AL19: =SUM(F19:AK19) -> 0 | AM19: =SUM(F19:I19)+SUM(N19:Q19)+SUM(V19:Y19)+SUM(AD19:AG19) -> 0 | AN19: =SUM(J19:M19)+SUM(R19:U19)+SUM(Z19:AC19)+SUM(AH19:AK19) -> 0 | AO19: =SUM(F19:I19) -> 0 | AP19: =SUM(J19:M19) -> 0 | AQ19: =SUM(N19:Q19) -> 0 | AR19: =SUM(R19:U19) -> 0 | AS19: =SUM(V19:Y19) -> 0 | AT19: =SUM(Z19:AC19) -> 0 | AU19: =SUM(AD19:AG19) -> 0 | AV19: =SUM(AH19:AK19) -> 0
C20: Apoyo | AL20: =SUM(F20:AK20) -> 0 | AM20: =SUM(F20:I20)+SUM(N20:Q20)+SUM(V20:Y20)+SUM(AD20:AG20) -> 0 | AN20: =SUM(J20:M20)+SUM(R20:U20)+SUM(Z20:AC20)+SUM(AH20:AK20) -> 0 | AO20: =SUM(F20:I20) -> 0 | AP20: =SUM(J20:M20) -> 0 | AQ20: =SUM(N20:Q20) -> 0 | AR20: =SUM(R20:U20) -> 0 | AS20: =SUM(V20:Y20) -> 0 | AT20: =SUM(Z20:AC20) -> 0 | AU20: =SUM(AD20:AG20) -> 0 | AV20: =SUM(AH20:AK20) -> 0
C21: Persona | E21: X | AL21: =SUM(F21:AK21) -> 0 | AM21: =SUM(F21:I21)+SUM(N21:Q21)+SUM(V21:Y21)+SUM(AD21:AG21) -> 0 | AN21: =SUM(J21:M21)+SUM(R21:U21)+SUM(Z21:AC21)+SUM(AH21:AK21) -> 0 | AO21: =SUM(F21:I21) -> 0 | AP21: =SUM(J21:M21) -> 0 | AQ21: =SUM(N21:Q21) -> 0 | AR21: =SUM(R21:U21) -> 0 | AS21: =SUM(V21:Y21) -> 0 | AT21: =SUM(Z21:AC21) -> 0 | AU21: =SUM(AD21:AG21) -> 0 | AV21: =SUM(AH21:AK21) -> 0
A22: T O T A L | C22: Persona | F22: =F18+F21 -> 0 | G22: =G18+G21 -> 0 | H22: =H18+H21 -> 0 | I22: =I18+I21 -> 0 | J22: =J18+J21 -> 0 | K22: =K18+K21 -> 0 | L22: =L18+L21 -> 0 | M22: =M18+M21 -> 0 | ... AK22: =AK18+AK21 -> 0 | AL22: =SUM(F22:AK22) -> 0 | AM22: =AM18+AM21 -> 0 | AN22: =AN18+AN21 -> 0 | AO22: =AO18+AO21 -> 0 | AP22: =AP18+AP21 -> 0 | AQ22: =AQ18+AQ21 -> 0 | AR22: =AR18+AR21 -> 0 | AS22: =AS18+AS21 -> 0 | AT22: =AT18+AT21 -> 0 | ... AV22: =AV18+AV21 -> 0
C23: Apoyos | F23: =+F17+F20 -> 0 | G23: =+G17+G20 -> 0 | H23: =+H17+H20 -> 0 | I23: =+I17+I20 -> 0 | J23: =+J17+J20 -> 0 | K23: =+K17+K20 -> 0 | L23: =+L17+L20 -> 0 | M23: =+M17+M20 -> 0 | ... AK23: =+AK17+AK20 -> 0 | AL23: =SUM(F23:AK23) -> 0 | AM23: =AM17+AM20 -> 0 | AN23: =AN17+AN20 -> 0 | AO23: =AO17+AO20 -> 0 | AP23: =AP17+AP20 -> 0 | AQ23: =AQ17+AQ20 -> 0 | AR23: =AR17+AR20 -> 0 | AS23: =AS17+AS20 -> 0 | AT23: =AT17+AT20 -> 0 | ... AV23: =AV17+AV20 -> 0
C24: Servicio | F24: =+F16+F19 -> 0 | G24: =+G16+G19 -> 0 | H24: =+H16+H19 -> 0 | I24: =+I16+I19 -> 0 | J24: =+J16+J19 -> 0 | K24: =+K16+K19 -> 0 | L24: =+L16+L19 -> 0 | M24: =+M16+M19 -> 0 | ... AK24: =+AK16+AK19 -> 0 | AL24: =SUM(F24:AK24) -> 0 | AM24: =AM16+AM19 -> 0 | AN24: =AN16+AN19 -> 0 | AO24: =AO16+AO19 -> 0 | AP24: =AP16+AP19 -> 0 | AQ24: =AQ16+AQ19 -> 0 | AR24: =AR16+AR19 -> 0 | AS24: =AS16+AS19 -> 0 | AT24: =AT16+AT19 -> 0 | ... AV24: =AV16+AV19 -> 0
A26: Objetivo 1. | B26: Beneficiar a más de un millón de personas sujetas a la asistencia social con programas de salud, alimentación a niñas y niños, apoyos para mujeres, madres solteras, personas con discapacidad, adultos mayores, jóvenes y migrantes.
A27: Estrategia 1.2 | B27: Contribuir al desarrollo integral de las niñas, niños y adolescentes.
A28: LINEA DE ACCION 1.2.3 | B28: Prevenir los riesgos psicosociales a los que se enfrenta las niñas, niños y adolescentes.
A29: ACTIVIDAD | B29: GRUPO DE EDAD | C29: UNIDAD DE MEDIDA | D29: TIPO DE POBLACIÓN
F30: ZA | N30: ZC | V30: ZM | AD30: ZH
D31: ABIERTA | E31: CAUTIVA | F31: H | J31: M | N31: H | R31: M | V31: H | Z31: M | AD31: H | AH31: M | AL31: AVANCE | AM31: personas | AO31: Altiplano | AQ31: Centro | AS31: Media | AU31: Huasteca
F32: PD | G32: PO | H32: AFD | I32: PG | J32: PD | K32: PO | L32: AFD | M32: PG | N32: PD | O32: PO | P32: AFD | Q32: PG | R32: PD | S32: PO | T32: AFD | U32: PG | V32: PD | W32: PO | X32: AFD | Y32: PG | Z32: PD | AA32: PO | AB32: AFD | AC32: PG | AD32: PD | AE32: PO | AF32: AFD | AG32: PG | AH32: PD | AI32: PO | AJ32: AFD | AK32: PG | AM32: hombres | AN32: mujeres | AO32: hombres | AP32: mujeres | AQ32: hombres | AR32: mujeres | AS32: hombres | AT32: mujeres | AU32: hombres | AV32: mujeres
A33: ATENCIÓN SOCIAL | B33: 0 a 11 Años | C33: Servicio | AL33: =SUM(F33:AK33) -> 0 | AM33: =SUM(F33:I33)+SUM(N33:Q33)+SUM(V33:Y33)+SUM(AD33:AG33) -> 0 | AN33: =SUM(J33:M33)+SUM(R33:U33)+SUM(Z33:AC33)+SUM(AH33:AK33) -> 0 | AO33: =SUM(F33:I33) -> 0 | AP33: =SUM(J33:M33) -> 0 | AQ33: =SUM(N33:Q33) -> 0 | AR33: =SUM(R33:U33) -> 0 | AS33: =SUM(V33:Y33) -> 0 | AT33: =SUM(Z33:AC33) -> 0 | AU33: =SUM(AD33:AG33) -> 0 | AV33: =SUM(AH33:AK33) -> 0
C34: Persona | E34: X | AL34: =SUM(F34:AK34) -> 0 | AM34: =SUM(F34:I34)+SUM(N34:Q34)+SUM(V34:Y34)+SUM(AD34:AG34) -> 0 | AN34: =SUM(J34:M34)+SUM(R34:U34)+SUM(Z34:AC34)+SUM(AH34:AK34) -> 0 | AO34: =SUM(F34:I34) -> 0 | AP34: =SUM(J34:M34) -> 0 | AQ34: =SUM(N34:Q34) -> 0 | AR34: =SUM(R34:U34) -> 0 | AS34: =SUM(V34:Y34) -> 0 | AT34: =SUM(Z34:AC34) -> 0 | AU34: =SUM(AD34:AG34) -> 0 | AV34: =SUM(AH34:AK34) -> 0
B35: 12 a 17 Años | C35: Servicio | AL35: =SUM(F35:AK35) -> 0 | AM35: =SUM(F35:I35)+SUM(N35:Q35)+SUM(V35:Y35)+SUM(AD35:AG35) -> 0 | AN35: =SUM(J35:M35)+SUM(R35:U35)+SUM(Z35:AC35)+SUM(AH35:AK35) -> 0 | AO35: =SUM(F35:I35) -> 0 | AP35: =SUM(J35:M35) -> 0 | AQ35: =SUM(N35:Q35) -> 0 | AR35: =SUM(R35:U35) -> 0 | AS35: =SUM(V35:Y35) -> 0 | AT35: =SUM(Z35:AC35) -> 0 | AU35: =SUM(AD35:AG35) -> 0 | AV35: =SUM(AH35:AK35) -> 0
C36: Persona | E36: X | AL36: =SUM(F36:AK36) -> 0 | AM36: =SUM(F36:I36)+SUM(N36:Q36)+SUM(V36:Y36)+SUM(AD36:AG36) -> 0 | AN36: =SUM(J36:M36)+SUM(R36:U36)+SUM(Z36:AC36)+SUM(AH36:AK36) -> 0 | AO36: =SUM(F36:I36) -> 0 | AP36: =SUM(J36:M36) -> 0 | AQ36: =SUM(N36:Q36) -> 0 | AR36: =SUM(R36:U36) -> 0 | AS36: =SUM(V36:Y36) -> 0 | AT36: =SUM(Z36:AC36) -> 0 | AU36: =SUM(AD36:AG36) -> 0 | AV36: =SUM(AH36:AK36) -> 0
B37: 18 a 59 Años | C37: Servicio | AL37: =SUM(F37:AK37) -> 0 | AM37: =SUM(F37:I37)+SUM(N37:Q37)+SUM(V37:Y37)+SUM(AD37:AG37) -> 0 | AN37: =SUM(J37:M37)+SUM(R37:U37)+SUM(Z37:AC37)+SUM(AH37:AK37) -> 0 | AO37: =SUM(F37:I37) -> 0 | AP37: =SUM(J37:M37) -> 0 | AQ37: =SUM(N37:Q37) -> 0 | AR37: =SUM(R37:U37) -> 0 | AS37: =SUM(V37:Y37) -> 0 | AT37: =SUM(Z37:AC37) -> 0 | AU37: =SUM(AD37:AG37) -> 0 | AV37: =SUM(AH37:AK37) -> 0
C38: Persona | E38: X | AL38: =SUM(F38:AK38) -> 0 | AM38: =SUM(F38:I38)+SUM(N38:Q38)+SUM(V38:Y38)+SUM(AD38:AG38) -> 0 | AN38: =SUM(J38:M38)+SUM(R38:U38)+SUM(Z38:AC38)+SUM(AH38:AK38) -> 0 | AO38: =SUM(F38:I38) -> 0 | AP38: =SUM(J38:M38) -> 0 | AQ38: =SUM(N38:Q38) -> 0 | AR38: =SUM(R38:U38) -> 0 | AS38: =SUM(V38:Y38) -> 0 | AT38: =SUM(Z38:AC38) -> 0 | AU38: =SUM(AD38:AG38) -> 0 | AV38: =SUM(AH38:AK38) -> 0
B39: 60 Años y más | C39: Servicio | AL39: =SUM(F39:AK39) -> 0 | AM39: =SUM(F39:I39)+SUM(N39:Q39)+SUM(V39:Y39)+SUM(AD39:AG39) -> 0 | AN39: =SUM(J39:M39)+SUM(R39:U39)+SUM(Z39:AC39)+SUM(AH39:AK39) -> 0 | AO39: =SUM(F39:I39) -> 0 | AP39: =SUM(J39:M39) -> 0 | AQ39: =SUM(N39:Q39) -> 0 | AR39: =SUM(R39:U39) -> 0 | AS39: =SUM(V39:Y39) -> 0 | AT39: =SUM(Z39:AC39) -> 0 | AU39: =SUM(AD39:AG39) -> 0 | AV39: =SUM(AH39:AK39) -> 0
C40: Persona | E40: X | AL40: =SUM(F40:AK40) -> 0 | AM40: =SUM(F40:I40)+SUM(N40:Q40)+SUM(V40:Y40)+SUM(AD40:AG40) -> 0 | AN40: =SUM(J40:M40)+SUM(R40:U40)+SUM(Z40:AC40)+SUM(AH40:AK40) -> 0 | AO40: =SUM(F40:I40) -> 0 | AP40: =SUM(J40:M40) -> 0 | AQ40: =SUM(N40:Q40) -> 0 | AR40: =SUM(R40:U40) -> 0 | AS40: =SUM(V40:Y40) -> 0 | AT40: =SUM(Z40:AC40) -> 0 | AU40: =SUM(AD40:AG40) -> 0 | AV40: =SUM(AH40:AK40) -> 0
A41: T O T A L | C41: Persona | F41: =F34+F36+F38+F40 -> 0 | G41: =G34+G36+G38+G40 -> 0 | H41: =H34+H36+H38+H40 -> 0 | I41: =I34+I36+I38+I40 -> 0 | J41: =J34+J36+J38+J40 -> 0 | K41: =K34+K36+K38+K40 -> 0 | L41: =L34+L36+L38+L40 -> 0 | M41: =M34+M36+M38+M40 -> 0 | ... AK41: =AK34+AK36+AK38+AK40 -> 0 | AL41: =SUM(F41:AK41) -> 0 | AM41: =AM34+AM36+AM38+AM40 -> 0 | AN41: =AN34+AN36+AN38+AN40 -> 0 | AO41: =AO34+AO36+AO38+AO40 -> 0 | AP41: =AP34+AP36+AP38+AP40 -> 0 | AQ41: =AQ34+AQ36+AQ38+AQ40 -> 0 | AR41: =AR34+AR36+AR38+AR40 -> 0 | AS41: =AS34+AS36+AS38+AS40 -> 0 | AT41: =AT34+AT36+AT38+AT40 -> 0 | ... AV41: =AV34+AV36+AV38+AV40 -> 0
C42: Servicio | F42: =+F33+F35+F37+F39 -> 0 | G42: =+G33+G35+G37+G39 -> 0 | H42: =+H33+H35+H37+H39 -> 0 | I42: =+I33+I35+I37+I39 -> 0 | J42: =+J33+J35+J37+J39 -> 0 | K42: =+K33+K35+K37+K39 -> 0 | L42: =+L33+L35+L37+L39 -> 0 | M42: =+M33+M35+M37+M39 -> 0 | ... AK42: =+AK33+AK35+AK37+AK39 -> 0 | AL42: =SUM(F42:AK42) -> 0 | AM42: =AM33+AM35+AM37+AM39 -> 0 | AN42: =AN33+AN35+AN37+AN39 -> 0 | AO42: =AO33+AO35+AO37+AO39 -> 0 | AP42: =AP33+AP35+AP37+AP39 -> 0 | AQ42: =AQ33+AQ35+AQ37+AQ39 -> 0 | AR42: =AR33+AR35+AR37+AR39 -> 0 | AS42: =AS33+AS35+AS37+AS39 -> 0 | AT42: =AT33+AT35+AT37+AT39 -> 0 | ... AV42: =AV33+AV35+AV37+AV39 -> 0
A44: Objetivo 1. | B44: Beneficiar a más de un millón de personas sujetas a la asistencia social con programas de salud, alimentación a niñas y niños, apoyos para mujeres, madres solteras, personas con discapacidad, adultos mayores, jóvenes y migrantes.
A45: Estrategia 1.2 | B45: Contribuir al desarrollo integral de las niñas, niños y adolescentes.
A46: LINEA DE ACCION 1.2.3 | B46: Prevenir los riesgos psicosociales a los que se enfrenta las niñas, niños y adolescentes.
A47: ACTIVIDAD | B47: GRUPO DE EDAD | C47: UNIDAD DE MEDIDA | D47: TIPO DE POBLACIÓN
F48: ZA | N48: ZC | V48: ZM | AD48: ZH
D49: ABIERTA | E49: CAUTIVA | F49: H | J49: M | N49: H | R49: M | V49: H | Z49: M | AD49: H | AH49: M | AL49: AVANCE | AM49: personas | AO49: Altiplano | AQ49: Centro | AS49: Media | AU49: Huasteca
F50: PD | G50: PO | H50: AFD | I50: PG | J50: PD | K50: PO | L50: AFD | M50: PG | N50: PD | O50: PO | P50: AFD | Q50: PG | R50: PD | S50: PO | T50: AFD | U50: PG | V50: PD | W50: PO | X50: AFD | Y50: PG | Z50: PD | AA50: PO | AB50: AFD | AC50: PG | AD50: PD | AE50: PO | AF50: AFD | AG50: PG | AH50: PD | AI50: PO | AJ50: AFD | AK50: PG | AM50: hombres | AN50: mujeres | AO50: hombres | AP50: mujeres | AQ50: hombres | AR50: mujeres | AS50: hombres | AT50: mujeres | AU50: hombres | AV50: mujeres
A51: ATENCION PSICOPEDAGOGICA | B51: 0 a 11 Años | C51: Servicio | AL51: =SUM(F51:AK51) -> 0 | AM51: =SUM(F51:I51)+SUM(N51:Q51)+SUM(V51:Y51)+SUM(AD51:AG51) -> 0 | AN51: =SUM(J51:M51)+SUM(R51:U51)+SUM(Z51:AC51)+SUM(AH51:AK51) -> 0 | AO51: =SUM(F51:I51) -> 0 | AP51: =SUM(J51:M51) -> 0 | AQ51: =SUM(N51:Q51) -> 0 | AR51: =SUM(R51:U51) -> 0 | AS51: =SUM(V51:Y51) -> 0 | AT51: =SUM(Z51:AC51) -> 0 | AU51: =SUM(AD51:AG51) -> 0 | AV51: =SUM(AH51:AK51) -> 0
C52: Persona | E52: X | AL52: =SUM(F52:AK52) -> 0 | AM52: =SUM(F52:I52)+SUM(N52:Q52)+SUM(V52:Y52)+SUM(AD52:AG52) -> 0 | AN52: =SUM(J52:M52)+SUM(R52:U52)+SUM(Z52:AC52)+SUM(AH52:AK52) -> 0 | AO52: =SUM(F52:I52) -> 0 | AP52: =SUM(J52:M52) -> 0 | AQ52: =SUM(N52:Q52) -> 0 | AR52: =SUM(R52:U52) -> 0 | AS52: =SUM(V52:Y52) -> 0 | AT52: =SUM(Z52:AC52) -> 0 | AU52: =SUM(AD52:AG52) -> 0 | AV52: =SUM(AH52:AK52) -> 0
B53: 12 a 17 Años | C53: Servicio | AL53: =SUM(F53:AK53) -> 0 | AM53: =SUM(F53:I53)+SUM(N53:Q53)+SUM(V53:Y53)+SUM(AD53:AG53) -> 0 | AN53: =SUM(J53:M53)+SUM(R53:U53)+SUM(Z53:AC53)+SUM(AH53:AK53) -> 0 | AO53: =SUM(F53:I53) -> 0 | AP53: =SUM(J53:M53) -> 0 | AQ53: =SUM(N53:Q53) -> 0 | AR53: =SUM(R53:U53) -> 0 | AS53: =SUM(V53:Y53) -> 0 | AT53: =SUM(Z53:AC53) -> 0 | AU53: =SUM(AD53:AG53) -> 0 | AV53: =SUM(AH53:AK53) -> 0
C54: Persona | E54: X | AL54: =SUM(F54:AK54) -> 0 | AM54: =SUM(F54:I54)+SUM(N54:Q54)+SUM(V54:Y54)+SUM(AD54:AG54) -> 0 | AN54: =SUM(J54:M54)+SUM(R54:U54)+SUM(Z54:AC54)+SUM(AH54:AK54) -> 0 | AO54: =SUM(F54:I54) -> 0 | AP54: =SUM(J54:M54) -> 0 | AQ54: =SUM(N54:Q54) -> 0 | AR54: =SUM(R54:U54) -> 0 | AS54: =SUM(V54:Y54) -> 0 | AT54: =SUM(Z54:AC54) -> 0 | AU54: =SUM(AD54:AG54) -> 0 | AV54: =SUM(AH54:AK54) -> 0
A55: T O T A L | C55: Persona | F55: =F52+F54 -> 0 | G55: =G52+G54 -> 0 | H55: =H52+H54 -> 0 | I55: =I52+I54 -> 0 | J55: =J52+J54 -> 0 | K55: =K52+K54 -> 0 | L55: =L52+L54 -> 0 | M55: =M52+M54 -> 0 | ... AK55: =AK52+AK54 -> 0 | AL55: =SUM(F55:AK55) -> 0 | AM55: =AM52+AM54 -> 0 | AN55: =AN52+AN54 -> 0 | AO55: =AO52+AO54 -> 0 | AP55: =AP52+AP54 -> 0 | AQ55: =AQ52+AQ54 -> 0 | AR55: =AR52+AR54 -> 0 | AS55: =AS52+AS54 -> 0 | AT55: =AT52+AT54 -> 0 | ... AV55: =AV52+AV54 -> 0
C56: Servicio | F56: =+F51+F53 -> 0 | G56: =+G51+G53 -> 0 | H56: =+H51+H53 -> 0 | I56: =+I51+I53 -> 0 | J56: =+J51+J53 -> 0 | K56: =+K51+K53 -> 0 | L56: =+L51+L53 -> 0 | M56: =+M51+M53 -> 0 | ... AK56: =+AK51+AK53 -> 0 | AL56: =SUM(F56:AK56) -> 0 | AM56: =AM51+AM53 -> 0 | AN56: =AN51+AN53 -> 0 | AO56: =AO51+AO53 -> 0 | AP56: =AP51+AP53 -> 0 | AQ56: =AQ51+AQ53 -> 0 | AR56: =AR51+AR53 -> 0 | AS56: =AS51+AS53 -> 0 | AT56: =AT51+AT53 -> 0 | ... AV56: =AV51+AV53 -> 0
A58: Objetivo 1. | B58: Beneficiar a más de un millón de personas sujetas a la asistencia social con programas de salud, alimentación a niñas y niños, apoyos para mujeres, madres solteras, personas con discapacidad, adultos mayores, jóvenes y migrantes.
A59: Estrategia 1.2 | B59: Contribuir al desarrollo integral de las niñas, niños y adolescentes.
A60: LINEA DE ACCION 1.2.1 | B60: Brindar albergue en Centros Asistenciales con personal altamente capacitado con perespectiva de niñez y de discapacidad
A61: ACTIVIDAD | B61: GRUPO DE EDAD | C61: UNIDAD DE MEDIDA | D61: TIPO DE POBLACIÓN
F62: ZA | N62: ZC | V62: ZM | AD62: ZH
D63: ABIERTA | E63: CAUTIVA | F63: H | J63: M | N63: H | R63: M | V63: H | Z63: M | AD63: H | AH63: M | AL63: AVANCE | AM63: personas | AO63: Altiplano | AQ63: Centro | AS63: Media | AU63: Huasteca
F64: PD | G64: PO | H64: AFD | I64: PG | J64: PD | K64: PO | L64: AFD | M64: PG | N64: PD | O64: PO | P64: AFD | Q64: PG | R64: PD | S64: PO | T64: AFD | U64: PG | V64: PD | W64: PO | X64: AFD | Y64: PG | Z64: PD | AA64: PO | AB64: AFD | AC64: PG | AD64: PD | AE64: PO | AF64: AFD | AG64: PG | AH64: PD | AI64: PO | AJ64: AFD | AK64: PG | AM64: hombres | AN64: mujeres | AO64: hombres | AP64: mujeres | AQ64: hombres | AR64: mujeres | AS64: hombres | AT64: mujeres | AU64: hombres | AV64: mujeres
A65: ATENCIÓN MEDICA | B65: 0 a 11 Años | C65: Servicio | AL65: =SUM(F65:AK65) -> 0 | AM65: =SUM(F65:I65)+SUM(N65:Q65)+SUM(V65:Y65)+SUM(AD65:AG65) -> 0 | AN65: =SUM(J65:M65)+SUM(R65:U65)+SUM(Z65:AC65)+SUM(AH65:AK65) -> 0 | AO65: =SUM(F65:I65) -> 0 | AP65: =SUM(J65:M65) -> 0 | AQ65: =SUM(N65:Q65) -> 0 | AR65: =SUM(R65:U65) -> 0 | AS65: =SUM(V65:Y65) -> 0 | AT65: =SUM(Z65:AC65) -> 0 | AU65: =SUM(AD65:AG65) -> 0 | AV65: =SUM(AH65:AK65) -> 0
C66: Apoyo | AL66: =SUM(F66:AK66) -> 0 | AM66: =SUM(F66:I66)+SUM(N66:Q66)+SUM(V66:Y66)+SUM(AD66:AG66) -> 0 | AN66: =SUM(J66:M66)+SUM(R66:U66)+SUM(Z66:AC66)+SUM(AH66:AK66) -> 0 | AO66: =SUM(F66:I66) -> 0 | AP66: =SUM(J66:M66) -> 0 | AQ66: =SUM(N66:Q66) -> 0 | AR66: =SUM(R66:U66) -> 0 | AS66: =SUM(V66:Y66) -> 0 | AT66: =SUM(Z66:AC66) -> 0 | AU66: =SUM(AD66:AG66) -> 0 | AV66: =SUM(AH66:AK66) -> 0
C67: Persona | E67: X | AL67: =SUM(F67:AK67) -> 0 | AM67: =SUM(F67:I67)+SUM(N67:Q67)+SUM(V67:Y67)+SUM(AD67:AG67) -> 0 | AN67: =SUM(J67:M67)+SUM(R67:U67)+SUM(Z67:AC67)+SUM(AH67:AK67) -> 0 | AO67: =SUM(F67:I67) -> 0 | AP67: =SUM(J67:M67) -> 0 | AQ67: =SUM(N67:Q67) -> 0 | AR67: =SUM(R67:U67) -> 0 | AS67: =SUM(V67:Y67) -> 0 | AT67: =SUM(Z67:AC67) -> 0 | AU67: =SUM(AD67:AG67) -> 0 | AV67: =SUM(AH67:AK67) -> 0
B68: 12 a 17 Años | C68: Servicio | AL68: =SUM(F68:AK68) -> 0 | AM68: =SUM(F68:I68)+SUM(N68:Q68)+SUM(V68:Y68)+SUM(AD68:AG68) -> 0 | AN68: =SUM(J68:M68)+SUM(R68:U68)+SUM(Z68:AC68)+SUM(AH68:AK68) -> 0 | AO68: =SUM(F68:I68) -> 0 | AP68: =SUM(J68:M68) -> 0 | AQ68: =SUM(N68:Q68) -> 0 | AR68: =SUM(R68:U68) -> 0 | AS68: =SUM(V68:Y68) -> 0 | AT68: =SUM(Z68:AC68) -> 0 | AU68: =SUM(AD68:AG68) -> 0 | AV68: =SUM(AH68:AK68) -> 0
C69: Apoyo | AL69: =SUM(F69:AK69) -> 0 | AM69: =SUM(F69:I69)+SUM(N69:Q69)+SUM(V69:Y69)+SUM(AD69:AG69) -> 0 | AN69: =SUM(J69:M69)+SUM(R69:U69)+SUM(Z69:AC69)+SUM(AH69:AK69) -> 0 | AO69: =SUM(F69:I69) -> 0 | AP69: =SUM(J69:M69) -> 0 | AQ69: =SUM(N69:Q69) -> 0 | AR69: =SUM(R69:U69) -> 0 | AS69: =SUM(V69:Y69) -> 0 | AT69: =SUM(Z69:AC69) -> 0 | AU69: =SUM(AD69:AG69) -> 0 | AV69: =SUM(AH69:AK69) -> 0
C70: Persona | E70: X | AL70: =SUM(F70:AK70) -> 0 | AM70: =SUM(F70:I70)+SUM(N70:Q70)+SUM(V70:Y70)+SUM(AD70:AG70) -> 0 | AN70: =SUM(J70:M70)+SUM(R70:U70)+SUM(Z70:AC70)+SUM(AH70:AK70) -> 0 | AO70: =SUM(F70:I70) -> 0 | AP70: =SUM(J70:M70) -> 0 | AQ70: =SUM(N70:Q70) -> 0 | AR70: =SUM(R70:U70) -> 0 | AS70: =SUM(V70:Y70) -> 0 | AT70: =SUM(Z70:AC70) -> 0 | AU70: =SUM(AD70:AG70) -> 0 | AV70: =SUM(AH70:AK70) -> 0
A71: T O T A L | C71: Persona | F71: =F67+F70 -> 0 | G71: =G67+G70 -> 0 | H71: =H67+H70 -> 0 | I71: =I67+I70 -> 0 | J71: =J67+J70 -> 0 | K71: =K67+K70 -> 0 | L71: =L67+L70 -> 0 | M71: =M67+M70 -> 0 | ... AK71: =AK67+AK70 -> 0 | AL71: =SUM(F71:AK71) -> 0 | AM71: =AM67+AM70 -> 0 | AN71: =AN67+AN70 -> 0 | AO71: =AO67+AO70 -> 0 | AP71: =AP67+AP70 -> 0 | AQ71: =AQ67+AQ70 -> 0 | AR71: =AR67+AR70 -> 0 | AS71: =AS67+AS70 -> 0 | AT71: =AT67+AT70 -> 0 | ... AV71: =AV67+AV70 -> 0
C72: Apoyos | F72: =+F66+F69 -> 0 | G72: =+G66+G69 -> 0 | H72: =+H66+H69 -> 0 | I72: =+I66+I69 -> 0 | J72: =+J66+J69 -> 0 | K72: =+K66+K69 -> 0 | L72: =+L66+L69 -> 0 | M72: =+M66+M69 -> 0 | ... AK72: =+AK66+AK69 -> 0 | AL72: =SUM(F72:AK72) -> 0 | AM72: =AM66+AM69 -> 0 | AN72: =AN66+AN69 -> 0 | AO72: =AO66+AO69 -> 0 | AP72: =AP66+AP69 -> 0 | AQ72: =AQ66+AQ69 -> 0 | AR72: =AR66+AR69 -> 0 | AS72: =AS66+AS69 -> 0 | AT72: =AT66+AT69 -> 0 | ... AV72: =AV66+AV69 -> 0
C73: Servicio | F73: =+F65+F68 -> 0 | G73: =+G65+G68 -> 0 | H73: =+H65+H68 -> 0 | I73: =+I65+I68 -> 0 | J73: =+J65+J68 -> 0 | K73: =+K65+K68 -> 0 | L73: =+L65+L68 -> 0 | M73: =+M65+M68 -> 0 | ... AK73: =+AK65+AK68 -> 0 | AL73: =SUM(F73:AK73) -> 0 | AM73: =AM65+AM68 -> 0 | AN73: =AN65+AN68 -> 0 | AO73: =AO65+AO68 -> 0 | AP73: =AP65+AP68 -> 0 | AQ73: =AQ65+AQ68 -> 0 | AR73: =AR65+AR68 -> 0 | AS73: =AS65+AS68 -> 0 | AT73: =AT65+AT68 -> 0 | ... AV73: =AV65+AV68 -> 0
A75: Objetivo 1. | B75: Beneficiar a más de un millón de personas sujetas a la asistencia social con programas de salud, alimentación a niñas y niños, apoyos para mujeres, madres solteras, personas con discapacidad, adultos mayores, jóvenes y migrantes.
A76: Estrategía 1.3 | B76: Estrategía 1.3 Incrementar los apoyos sociales para mujeres y adultos mayores
A77: LINEA DE ACCION 1.3.3 | B77: Gestionar talleres de auto empleo o capacitación para que cubran sus necesidades básicas.
A78: ACTIVIDAD | B78: GRUPO DE EDAD | C78: UNIDAD DE MEDIDA | D78: TIPO DE POBLACIÓN
F79: ZA | N79: ZC | V79: ZM | AD79: ZH
D80: ABIERTA | E80: CAUTIVA | F80: H | J80: M | N80: H | R80: M | V80: H | Z80: M | AD80: H | AH80: M | AL80: AVANCE | AM80: personas | AO80: Altiplano | AQ80: Centro | AS80: Media | AU80: Huasteca
F81: PD | G81: PO | H81: AFD | I81: PG | J81: PD | K81: PO | L81: AFD | M81: PG | N81: PD | O81: PO | P81: AFD | Q81: PG | R81: PD | S81: PO | T81: AFD | U81: PG | V81: PD | W81: PO | X81: AFD | Y81: PG | Z81: PD | AA81: PO | AB81: AFD | AC81: PG | AD81: PD | AE81: PO | AF81: AFD | AG81: PG | AH81: PD | AI81: PO | AJ81: AFD | AK81: PG | AM81: hombres | AN81: mujeres | AO81: hombres | AP81: mujeres | AQ81: hombres | AR81: mujeres | AS81: hombres | AT81: mujeres | AU81: hombres | AV81: mujeres
A82: EDUCACIÓN Y FORMACIÓN | B82: 0 a 11 Años | C82: Servicio | AL82: =SUM(F82:AK82) -> 0 | AM82: =SUM(F82:I82)+SUM(N82:Q82)+SUM(V82:Y82)+SUM(AD82:AG82) -> 0 | AN82: =SUM(J82:M82)+SUM(R82:U82)+SUM(Z82:AC82)+SUM(AH82:AK82) -> 0 | AO82: =SUM(F82:I82) -> 0 | AP82: =SUM(J82:M82) -> 0 | AQ82: =SUM(N82:Q82) -> 0 | AR82: =SUM(R82:U82) -> 0 | AS82: =SUM(V82:Y82) -> 0 | AT82: =SUM(Z82:AC82) -> 0 | AU82: =SUM(AD82:AG82) -> 0 | AV82: =SUM(AH82:AK82) -> 0
C83: Apoyo | AL83: =SUM(F83:AK83) -> 0 | AM83: =SUM(F83:I83)+SUM(N83:Q83)+SUM(V83:Y83)+SUM(AD83:AG83) -> 0 | AN83: =SUM(J83:M83)+SUM(R83:U83)+SUM(Z83:AC83)+SUM(AH83:AK83) -> 0 | AO83: =SUM(F83:I83) -> 0 | AP83: =SUM(J83:M83) -> 0 | AQ83: =SUM(N83:Q83) -> 0 | AR83: =SUM(R83:U83) -> 0 | AS83: =SUM(V83:Y83) -> 0 | AT83: =SUM(Z83:AC83) -> 0 | AU83: =SUM(AD83:AG83) -> 0 | AV83: =SUM(AH83:AK83) -> 0
C84: Persona | E84: X | AL84: =SUM(F84:AK84) -> 0 | AM84: =SUM(F84:I84)+SUM(N84:Q84)+SUM(V84:Y84)+SUM(AD84:AG84) -> 0 | AN84: =SUM(J84:M84)+SUM(R84:U84)+SUM(Z84:AC84)+SUM(AH84:AK84) -> 0 | AO84: =SUM(F84:I84) -> 0 | AP84: =SUM(J84:M84) -> 0 | AQ84: =SUM(N84:Q84) -> 0 | AR84: =SUM(R84:U84) -> 0 | AS84: =SUM(V84:Y84) -> 0 | AT84: =SUM(Z84:AC84) -> 0 | AU84: =SUM(AD84:AG84) -> 0 | AV84: =SUM(AH84:AK84) -> 0
B85: 12 a 17 Años | C85: Servicio | AL85: =SUM(F85:AK85) -> 0 | AM85: =SUM(F85:I85)+SUM(N85:Q85)+SUM(V85:Y85)+SUM(AD85:AG85) -> 0 | AN85: =SUM(J85:M85)+SUM(R85:U85)+SUM(Z85:AC85)+SUM(AH85:AK85) -> 0 | AO85: =SUM(F85:I85) -> 0 | AP85: =SUM(J85:M85) -> 0 | AQ85: =SUM(N85:Q85) -> 0 | AR85: =SUM(R85:U85) -> 0 | AS85: =SUM(V85:Y85) -> 0 | AT85: =SUM(Z85:AC85) -> 0 | AU85: =SUM(AD85:AG85) -> 0 | AV85: =SUM(AH85:AK85) -> 0
C86: Apoyo | AL86: =SUM(F86:AK86) -> 0 | AM86: =SUM(F86:I86)+SUM(N86:Q86)+SUM(V86:Y86)+SUM(AD86:AG86) -> 0 | AN86: =SUM(J86:M86)+SUM(R86:U86)+SUM(Z86:AC86)+SUM(AH86:AK86) -> 0 | AO86: =SUM(F86:I86) -> 0 | AP86: =SUM(J86:M86) -> 0 | AQ86: =SUM(N86:Q86) -> 0 | AR86: =SUM(R86:U86) -> 0 | AS86: =SUM(V86:Y86) -> 0 | AT86: =SUM(Z86:AC86) -> 0 | AU86: =SUM(AD86:AG86) -> 0 | AV86: =SUM(AH86:AK86) -> 0
C87: Persona | E87: X | AL87: =SUM(F87:AK87) -> 0 | AM87: =SUM(F87:I87)+SUM(N87:Q87)+SUM(V87:Y87)+SUM(AD87:AG87) -> 0 | AN87: =SUM(J87:M87)+SUM(R87:U87)+SUM(Z87:AC87)+SUM(AH87:AK87) -> 0 | AO87: =SUM(F87:I87) -> 0 | AP87: =SUM(J87:M87) -> 0 | AQ87: =SUM(N87:Q87) -> 0 | AR87: =SUM(R87:U87) -> 0 | AS87: =SUM(V87:Y87) -> 0 | AT87: =SUM(Z87:AC87) -> 0 | AU87: =SUM(AD87:AG87) -> 0 | AV87: =SUM(AH87:AK87) -> 0
A88: T O T A L | C88: Persona | F88: =F84+F87 -> 0 | G88: =G84+G87 -> 0 | H88: =H84+H87 -> 0 | I88: =I84+I87 -> 0 | J88: =J84+J87 -> 0 | K88: =K84+K87 -> 0 | L88: =L84+L87 -> 0 | M88: =M84+M87 -> 0 | ... AK88: =AK84+AK87 -> 0 | AL88: =SUM(F88:AK88) -> 0 | AM88: =AM84+AM87 -> 0 | AN88: =AN84+AN87 -> 0 | AO88: =AO84+AO87 -> 0 | AP88: =AP84+AP87 -> 0 | AQ88: =AQ84+AQ87 -> 0 | AR88: =AR84+AR87 -> 0 | AS88: =AS84+AS87 -> 0 | AT88: =AT84+AT87 -> 0 | ... AV88: =AV84+AV87 -> 0
C89: Apoyos | F89: =+F83+F86 -> 0 | G89: =+G83+G86 -> 0 | H89: =+H83+H86 -> 0 | I89: =+I83+I86 -> 0 | J89: =+J83+J86 -> 0 | K89: =+K83+K86 -> 0 | L89: =+L83+L86 -> 0 | M89: =+M83+M86 -> 0 | ... AK89: =+AK83+AK86 -> 0 | AL89: =SUM(F89:AK89) -> 0 | AM89: =AM83+AM86 -> 0 | AN89: =AN83+AN86 -> 0 | AO89: =AO83+AO86 -> 0 | AP89: =AP83+AP86 -> 0 | AQ89: =AQ83+AQ86 -> 0 | AR89: =AR83+AR86 -> 0 | AS89: =AS83+AS86 -> 0 | AT89: =AT83+AT86 -> 0 | ... AV89: =AV83+AV86 -> 0
C90: Servicio | F90: =+F82+F85 -> 0 | G90: =+G82+G85 -> 0 | H90: =+H82+H85 -> 0 | I90: =+I82+I85 -> 0 | J90: =+J82+J85 -> 0 | K90: =+K82+K85 -> 0 | L90: =+L82+L85 -> 0 | M90: =+M82+M85 -> 0 | ... AK90: =+AK82+AK85 -> 0 | AL90: =SUM(F90:AK90) -> 0 | AM90: =AM82+AM85 -> 0 | AN90: =AN82+AN85 -> 0 | AO90: =AO82+AO85 -> 0 | AP90: =AP82+AP85 -> 0 | AQ90: =AQ82+AQ85 -> 0 | AR90: =AR82+AR85 -> 0 | AS90: =AS82+AS85 -> 0 | AT90: =AT82+AT85 -> 0 | ... AV90: =AV82+AV85 -> 0
A92: Objetivo 1. | B92: Beneficiar a más de un millón de personas sujetas a la asistencia social con programas de salud, alimentación a niñas y niños, apoyos para mujeres, madres solteras, personas con discapacidad, adultos mayores, jóvenes y migrantes.
A93: Estrategia 1.8 | B93: Asegurar la calidad en la atención a grupos en situación de riesgo o desamparo a través de las instituciones de asistencia social en el Estado, garantizando el cumplimiento de las leyes en la materia.
A94: LINEA DE ACCION 1.8.1 | B94: Supervisar que las instituciones cumplan con los indicadores de institucionalidad y transparencia.
A95: ACTIVIDAD | B95: GRUPO DE EDAD | C95: UNIDAD DE MEDIDA | D95: TIPO DE POBLACIÓN
F96: ZA | N96: ZC | V96: ZM | AD96: ZH
D97: ABIERTA | E97: CAUTIVA | F97: H | J97: M | N97: H | R97: M | V97: H | Z97: M | AD97: H | AH97: M | AL97: AVANCE | AM97: personas | AO97: Altiplano | AQ97: Centro | AS97: Media | AU97: Huasteca
F98: PD | G98: PO | H98: AFD | I98: PG | J98: PD | K98: PO | L98: AFD | M98: PG | N98: PD | O98: PO | P98: AFD | Q98: PG | R98: PD | S98: PO | T98: AFD | U98: PG | V98: PD | W98: PO | X98: AFD | Y98: PG | Z98: PD | AA98: PO | AB98: AFD | AC98: PG | AD98: PD | AE98: PO | AF98: AFD | AG98: PG | AH98: PD | AI98: PO | AJ98: AFD | AK98: PG | AM98: hombres | AN98: mujeres | AO98: hombres | AP98: mujeres | AQ98: hombres | AR98: mujeres | AS98: hombres | AT98: mujeres | AU98: hombres | AV98: mujeres
A99: TRANSPARENCIA | B99: 0 a 11 Años | C99: Servicio | AL99: =SUM(F99:AK99) -> 0 | AM99: =SUM(F99:I99)+SUM(N99:Q99)+SUM(V99:Y99)+SUM(AD99:AG99) -> 0 | AN99: =SUM(J99:M99)+SUM(R99:U99)+SUM(Z99:AC99)+SUM(AH99:AK99) -> 0 | AO99: =SUM(F99:I99) -> 0 | AP99: =SUM(J99:M99) -> 0 | AQ99: =SUM(N99:Q99) -> 0 | AR99: =SUM(R99:U99) -> 0 | AS99: =SUM(V99:Y99) -> 0 | AT99: =SUM(Z99:AC99) -> 0 | AU99: =SUM(AD99:AG99) -> 0 | AV99: =SUM(AH99:AK99) -> 0
B100: 12 a 17 Años | C100: Servicio | AL100: =SUM(F100:AK100) -> 0 | AM100: =SUM(F100:I100)+SUM(N100:Q100)+SUM(V100:Y100)+SUM(AD100:AG100) -> 0 | AN100: =SUM(J100:M100)+SUM(R100:U100)+SUM(Z100:AC100)+SUM(AH100:AK100) -> 0 | AO100: =SUM(F100:I100) -> 0 | AP100: =SUM(J100:M100) -> 0 | AQ100: =SUM(N100:Q100) -> 0 | AR100: =SUM(R100:U100) -> 0 | AS100: =SUM(V100:Y100) -> 0 | AT100: =SUM(Z100:AC100) -> 0 | AU100: =SUM(AD100:AG100) -> 0 | AV100: =SUM(AH100:AK100) -> 0
A104: T O T A L. | B104: 0 a 11 Años | C104: Servicio | F104: =F16+F33+F51+F65+F82+F99 -> 0 | G104: =G16+G33+G51+G65+G82+G99+#REF!+#REF! -> #REF! | H104: =H16+H33+H51+H65+H82+H99+#REF!+#REF! -> #REF! | I104: =I16+I33+I51+I65+I82+I99+#REF!+#REF! -> #REF! | J104: =J16+J33+J51+J65+J82+J99+#REF!+#REF! -> #REF! | K104: =K16+K33+K51+K65+K82+K99+#REF!+#REF! -> #REF! | L104: =L16+L33+L51+L65+L82+L99+#REF!+#REF! -> #REF! | M104: =M16+M33+M51+M65+M82+M99+#REF!+#REF! -> #REF! | N104: =N16+N33+N51+N65+N82+N99+#REF!+#REF! -> #REF! | ... AK104: =AK16+AK33+AK51+AK65+AK82+AK99+#REF!+#REF! -> #REF! | AL104: =SUM(F104:AK104) -> #REF!
C105: Apoyo | F105: =F17+#REF!+#REF!+F66+F83+#REF!+#REF!+#REF! -> #REF! | G105: =G17+#REF!+#REF!+G66+G83+#REF!+#REF!+#REF! -> #REF! | H105: =H17+#REF!+#REF!+H66+H83+#REF!+#REF!+#REF! -> #REF! | I105: =I17+#REF!+#REF!+I66+I83+#REF!+#REF!+#REF! -> #REF! | J105: =J17+#REF!+#REF!+J66+J83+#REF!+#REF!+#REF! -> #REF! | K105: =K17+#REF!+#REF!+K66+K83+#REF!+#REF!+#REF! -> #REF! | L105: =L17+#REF!+#REF!+L66+L83+#REF!+#REF!+#REF! -> #REF! | M105: =M17+#REF!+#REF!+M66+M83+#REF!+#REF!+#REF! -> #REF! | ... AK105: =AK17+#REF!+#REF!+AK66+AK83+#REF!+#REF!+#REF! -> #REF! | AL105: =SUM(F105:AK105) -> #REF!
C106: Persona | E106: X | F106: =F18+F34+F52+F67+F84+#REF!+#REF!+#REF! -> #REF! | G106: =G18+G34+G52+G67+G84+#REF!+#REF!+#REF! -> #REF! | H106: =H18+H34+H52+H67+H84+#REF!+#REF!+#REF! -> #REF! | I106: =I18+I34+I52+I67+I84+#REF!+#REF!+#REF! -> #REF! | J106: =J18+J34+J52+J67+J84+#REF!+#REF!+#REF! -> #REF! | K106: =K18+K34+K52+K67+K84+#REF!+#REF!+#REF! -> #REF! | L106: =L18+L34+L52+L67+L84+#REF!+#REF!+#REF! -> #REF! | M106: =M18+M34+M52+M67+M84+#REF!+#REF!+#REF! -> #REF! | ... AK106: =AK18+AK34+AK52+AK67+AK84+#REF!+#REF!+#REF! -> #REF! | AL106: =SUM(F106:AK106) -> #REF!
C107: Persona | D107: X | F107: =#REF!+#REF!+#REF!+#REF!+#REF!+#REF!+#REF!+#REF! -> #REF! | G107: =#REF!+#REF!+#REF!+#REF!+#REF!+#REF!+#REF!+#REF! -> #REF! | H107: =#REF!+#REF!+#REF!+#REF!+#REF!+#REF!+#REF!+#REF! -> #REF! | I107: =#REF!+#REF!+#REF!+#REF!+#REF!+#REF!+#REF!+#REF! -> #REF! | J107: =#REF!+#REF!+#REF!+#REF!+#REF!+#REF!+#REF!+#REF! -> #REF! | K107: =#REF!+#REF!+#REF!+#REF!+#REF!+#REF!+#REF!+#REF! -> #REF! | L107: =#REF!+#REF!+#REF!+#REF!+#REF!+#REF!+#REF!+#REF! -> #REF! | M107: =#REF!+#REF!+#REF!+#REF!+#REF!+#REF!+#REF!+#REF! -> #REF! | ... AK107: =#REF!+#REF!+#REF!+#REF!+#REF!+#REF!+#REF!+#REF! -> #REF! | AL107: =SUM(F107:AK107) -> #REF!
B108: 12 a 17 Años | C108: Servicio | F108: =F19+F35+F53+F68+F85+F100+#REF!+#REF! -> #REF! | G108: =G19+G35+G53+G68+G85+G100+#REF!+#REF! -> #REF! | H108: =H19+H35+H53+H68+H85+H100+#REF!+#REF! -> #REF! | I108: =I19+I35+I53+I68+I85+I100+#REF!+#REF! -> #REF! | J108: =J19+J35+J53+J68+J85+J100+#REF!+#REF! -> #REF! | K108: =K19+K35+K53+K68+K85+K100+#REF!+#REF! -> #REF! | L108: =L19+L35+L53+L68+L85+L100+#REF!+#REF! -> #REF! | M108: =M19+M35+M53+M68+M85+M100+#REF!+#REF! -> #REF! | ... AK108: =AK19+AK35+AK53+AK68+AK85+AK100+#REF!+#REF! -> #REF! | AL108: =SUM(F108:AK108) -> #REF!
C109: Apoyo | F109: =F20+#REF!+#REF!+F69+F86+#REF!+#REF!+#REF! -> #REF! | G109: =G20+#REF!+#REF!+G69+G86+#REF!+#REF!+#REF! -> #REF! | H109: =H20+#REF!+#REF!+H69+H86+#REF!+#REF!+#REF! -> #REF! | I109: =I20+#REF!+#REF!+I69+I86+#REF!+#REF!+#REF! -> #REF! | J109: =J20+#REF!+#REF!+J69+J86+#REF!+#REF!+#REF! -> #REF! | K109: =K20+#REF!+#REF!+K69+K86+#REF!+#REF!+#REF! -> #REF! | L109: =L20+#REF!+#REF!+L69+L86+#REF!+#REF!+#REF! -> #REF! | M109: =M20+#REF!+#REF!+M69+M86+#REF!+#REF!+#REF! -> #REF! | ... AK109: =AK20+#REF!+#REF!+AK69+AK86+#REF!+#REF!+#REF! -> #REF! | AL109: =SUM(F109:AK109) -> #REF!
C110: Persona | E110: X | F110: =F21+F36+F54+F70+F87+#REF!+#REF!+#REF! -> #REF! | G110: =G21+G36+G54+G70+G87+#REF!+#REF!+#REF! -> #REF! | H110: =H21+H36+H54+H70+H87+#REF!+#REF!+#REF! -> #REF! | I110: =I21+I36+I54+I70+I87+#REF!+#REF!+#REF! -> #REF! | J110: =J21+J36+J54+J70+J87+#REF!+#REF!+#REF! -> #REF! | K110: =K21+K36+K54+K70+K87+#REF!+#REF!+#REF! -> #REF! | L110: =L21+L36+L54+L70+L87+#REF!+#REF!+#REF! -> #REF! | M110: =M21+M36+M54+M70+M87+#REF!+#REF!+#REF! -> #REF! | ... AK110: =AK21+AK36+AK54+AK70+AK87+#REF!+#REF!+#REF! -> #REF! | AL110: =SUM(F110:AK110) -> #REF!
C111: Persona | D111: X | F111: =#REF!+#REF!+#REF!+#REF!+#REF!+#REF!+#REF!+#REF! -> #REF! | G111: =#REF!+#REF!+#REF!+#REF!+#REF!+#REF!+#REF!+#REF! -> #REF! | H111: =#REF!+#REF!+#REF!+#REF!+#REF!+#REF!+#REF!+#REF! -> #REF! | I111: =#REF!+#REF!+#REF!+#REF!+#REF!+#REF!+#REF!+#REF! -> #REF! | J111: =#REF!+#REF!+#REF!+#REF!+#REF!+#REF!+#REF!+#REF! -> #REF! | K111: =#REF!+#REF!+#REF!+#REF!+#REF!+#REF!+#REF!+#REF! -> #REF! | L111: =#REF!+#REF!+#REF!+#REF!+#REF!+#REF!+#REF!+#REF! -> #REF! | M111: =#REF!+#REF!+#REF!+#REF!+#REF!+#REF!+#REF!+#REF! -> #REF! | ... AK111: =#REF!+#REF!+#REF!+#REF!+#REF!+#REF!+#REF!+#REF! -> #REF! | AL111: =SUM(F111:AK111) -> #REF!
B112: 18 a 59 Años | C112: Servicio | F112: =#REF!+F37+#REF!+#REF!+#REF!+#REF!+#REF!+#REF! -> #REF! | G112: =#REF!+G37+#REF!+#REF!+#REF!+#REF!+#REF!+#REF! -> #REF! | H112: =#REF!+H37+#REF!+#REF!+#REF!+#REF!+#REF!+#REF! -> #REF! | I112: =#REF!+I37+#REF!+#REF!+#REF!+#REF!+#REF!+#REF! -> #REF! | J112: =#REF!+J37+#REF!+#REF!+#REF!+#REF!+#REF!+#REF! -> #REF! | K112: =#REF!+K37+#REF!+#REF!+#REF!+#REF!+#REF!+#REF! -> #REF! | L112: =#REF!+L37+#REF!+#REF!+#REF!+#REF!+#REF!+#REF! -> #REF! | M112: =#REF!+M37+#REF!+#REF!+#REF!+#REF!+#REF!+#REF! -> #REF! | ... AK112: =#REF!+AK37+#REF!+#REF!+#REF!+#REF!+#REF!+#REF! -> #REF! | AL112: =SUM(F112:AK112) -> #REF!
C113: Apoyo | F113: =#REF!+#REF!+#REF!+#REF!+#REF!+#REF!+#REF!+#REF! -> #REF! | G113: =#REF!+#REF!+#REF!+#REF!+#REF!+#REF!+#REF!+#REF! -> #REF! | H113: =#REF!+#REF!+#REF!+#REF!+#REF!+#REF!+#REF!+#REF! -> #REF! | I113: =#REF!+#REF!+#REF!+#REF!+#REF!+#REF!+#REF!+#REF! -> #REF! | J113: =#REF!+#REF!+#REF!+#REF!+#REF!+#REF!+#REF!+#REF! -> #REF! | K113: =#REF!+#REF!+#REF!+#REF!+#REF!+#REF!+#REF!+#REF! -> #REF! | L113: =#REF!+#REF!+#REF!+#REF!+#REF!+#REF!+#REF!+#REF! -> #REF! | M113: =#REF!+#REF!+#REF!+#REF!+#REF!+#REF!+#REF!+#REF! -> #REF! | ... AK113: =#REF!+#REF!+#REF!+#REF!+#REF!+#REF!+#REF!+#REF! -> #REF! | AL113: =SUM(F113:AK113) -> #REF!
...

Sheet POA INSTITUCIONAL
A1: No. | B1: No. Consecutivo | C1: Unidad Administrativa que generá la información | D1: Objetivo Institucional | E1: Estrategia | F1: Linea de Accion | G1: Acciones | H1: UNIDAD DE MEDIDA | I1: META ANUAL | J1: ENE | K1: FEB | L1: MAR | M1: 1er. TRIM | N1: ABRIL | O1: MAYO | P1: JUNIO | Q1: 2do. Trimestre | R1: Avance al 1er. Semestre | S1: # Avance al 1er. Semestre | T1: JULIO | U1: AGOSTO | V1: SEPTIEMBRE | W1: 3er. TRIM | X1: OCTUBRE | Y1: NOVIEMBRE | Z1: DICIEMBRE | AA1: 4TO. Trimestre | AB1: AVANCE ANUAL | AC1: # DE AVANCE ANUAL | AE1: META ANUAL | AF1: 1er. TRIM | AG1: 2do. Trimestre | AH1: 3er. TRIM | AI1: 4TO. Trimestre | AJ1: AVANCE ANUAL | AK1: # DE AVANCE ANUAL
A2: 17 | B2: 17.01 | C2: C.A.S. Rosario Castellanos | D2: Objetivo 1. Beneficiar a más de un millón de personas sujetas a la asistencia social con programas de salud, alimentación a niñas y niños, apoyos para mujeres, madres solteras, personas con discapacidad, adultos mayores, jóvenes y migrantes. | E2: Estrategia 1.2 Contribuir al desarrollo integral de las niñas, niños y adolescentes. | F2: Linea de Acción 1.2.1 Brindar albergue en Centros Asistenciales con personal altamente capacitado con perespectiva de niñez y de discapacidad | H2: SERVICIOS | I2: ='METAS (PED)'!Q7 -> 3300 | J2: ='1'!Q118 -> 412 | M2: =SUM(J2:L2) -> 412 | Q2: =SUM(N2:P2) -> 0 | R2: =L2+P2 -> 0 | S2: =R2/I2 -> 0 | W2: =SUM(T2:V2) -> 0 | AA2: =SUM(X2:Z2) -> 0 | AB2: =W2+AA2 -> 0 | AC2: =AB2/I2 -> 0 | AE2: =I2 -> 3300 | AJ2: =SUM(AF2:AI2) -> 0 | AK2: =AJ2/AE2 -> 0
A3: 17 | B3: 17.02 | C3: C.A.S. Rosario Castellanos | D3: Objetivo 1. Beneficiar a más de un millón de personas sujetas a la asistencia social con programas de salud, alimentación a niñas y niños, apoyos para mujeres, madres solteras, personas con discapacidad, adultos mayores, jóvenes y migrantes. | E3: Estrategia 1.2 Contribuir al desarrollo integral de las niñas, niños y adolescentes. | F3: Linea de Acción 1.2.1 Brindar albergue en Centros Asistenciales con personal altamente capacitado con perespectiva de niñez y de discapacidad | H3: APOYOS | I3: ='METAS (PED)'!Q8 -> 42129 | J3: ='1'!Q119 -> 14 | M3: =SUM(J3:L3) -> 14 | Q3: =SUM(N3:P3) -> 0 | R3: =L3+P3 -> 0 | S3: =R3/I3 -> 0 | W3: =SUM(T3:V3) -> 0 | AA3: =SUM(X3:Z3) -> 0 | AB3: =W3+AA3 -> 0 | AC3: =AB3/I3 -> 0 | AE3: =I3 -> 42129 | AJ3: =SUM(AF3:AI3) -> 0 | AK3: =AJ3/AE3 -> 0
A4: 17 | B4: 17.03 | C4: C.A.S. Rosario Castellanos | D4: Objetivo 1. Beneficiar a más de un millón de personas sujetas a la asistencia social con programas de salud, alimentación a niñas y niños, apoyos para mujeres, madres solteras, personas con discapacidad, adultos mayores, jóvenes y migrantes. | E4: Estrategia 1.2 Contribuir al desarrollo integral de las niñas, niños y adolescentes. | F4: Linea de Acción 1.2.1 Brindar albergue en Centros Asistenciales con personal altamente capacitado con perespectiva de niñez y de discapacidad | H4: PERSONAS | I4: ='METAS (PED)'!Q9 -> 23 | J4: ='1'!Q120 -> 18 | M4: =SUM(J4:L4) -> 18 | Q4: =MAX(M4:P4) -> 18 | R4: =L4+P4 -> 0 | S4: =R4/I4 -> 0 | W4: =MAX(T4:V4) -> 0 | AA4: =MAX(W4:Z4) -> 0 | AB4: =W4+AA4 -> 0 | AC4: =AB4/I4 -> 0 | AE4: =I4 -> 23 | AJ4: =MAX(AF4:AI4) -> 0 | AK4: =AJ4/AE4 -> 0
A5: 17 | B5: 17.04 | C5: C.A.S. Rosario Castellanos | D5: Objetivo 1. Beneficiar a más de un millón de personas sujetas a la asistencia social con programas de salud, alimentación a niñas y niños, apoyos para mujeres, madres solteras, personas con discapacidad, adultos mayores, jóvenes y migrantes. | E5: Estrategia 1.2 Contribuir al desarrollo integral de las niñas, niños y adolescentes. | F5: Linea de Accion 1.2.3.- Prevenir los riesgos psicosociales a los que se enfrenta las niñas, niños y adolescentes. | H5: SERVICIOS | I5: ='METAS (PED)'!#REF! -> #REF! | J5: ='1'!#REF! -> #REF! | M5: =SUM(J5:L5) -> #REF! | Q5: =SUM(N5:P5) -> 0 | R5: =L5+P5 -> 0 | S5: =R5/I5 -> #REF! | W5: =SUM(T5:V5) -> 0 | AA5: =SUM(X5:Z5) -> 0 | AB5: =W5+AA5 -> 0 | AC5: =AB5/I5 -> #REF! | AE5: =I5 -> #REF! | AJ5: =SUM(AF5:AI5) -> 0 | AK5: =AJ5/AE5 -> #REF!
A6: 17 | B6: 17.05 | C6: C.A.S. Rosario Castellanos | D6: Objetivo 1. Beneficiar a más de un millón de personas sujetas a la asistencia social con programas de salud, alimentación a niñas y niños, apoyos para mujeres, madres solteras, personas con discapacidad, adultos mayores, jóvenes y migrantes. | E6: Estrategia 1.2 Contribuir al desarrollo integral de las niñas, niños y adolescentes. | F6: Linea de Accion 1.2.3.- Prevenir los riesgos psicosociales a los que se enfrenta las niñas, niños y adolescentes. | H6: PERSONAS | I6: ='METAS (PED)'!#REF! -> #REF! | J6: ='1'!Q122 -> 0 | M6: =SUM(J6:L6) -> 0 | Q6: =SUM(N6:P6) -> 0 | R6: =L6+P6 -> 0 | S6: =R6/I6 -> #REF! | W6: =SUM(T6:V6) -> 0 | AA6: =SUM(X6:Z6) -> 0 | AB6: =W6+AA6 -> 0 | AC6: =AB6/I6 -> #REF! | AE6: =I6 -> #REF! | AJ6: =SUM(AF6:AI6) -> 0 | AK6: =AJ6/AE6 -> #REF!
A7: 17 | B7: 17.06 | C7: C.A.S. Rosario Castellanos | D7: Objetivo 1. Beneficiar a más de un millón de personas sujetas a la asistencia social con programas de salud, alimentación a niñas y niños, apoyos para mujeres, madres solteras, personas con discapacidad, adultos mayores, jóvenes y migrantes. | E7: Estrategia 1.3 Incrementar los apoyos sociales para mujeres y adultos mayores. | F7: Linea de Accion 1.3.3.-Gestionar talleres de auto empleo o capacitación para que cubran sus necesidades básicas. | H7: SERVICIOS | I7: ='METAS (PED)'!Q13 -> 6336 | J7: ='1'!Q125 -> 453 | M7: =SUM(J7:L7) -> 453 | Q7: =SUM(N7:P7) -> 0 | R7: =L7+P7 -> 0 | S7: =R7/I7 -> 0 | W7: =SUM(T7:V7) -> 0 | AA7: =SUM(X7:Z7) -> 0 | AB7: =W7+AA7 -> 0 | AC7: =AB7/I7 -> 0 | AE7: =I7 -> 6336 | AJ7: =SUM(AF7:AI7) -> 0 | AK7: =AJ7/AE7 -> 0
C8: C.A.S. Rosario Castellanos | D8: Objetivo 1. Beneficiar a más de un millón de personas sujetas a la asistencia social con programas de salud, alimentación a niñas y niños, apoyos para mujeres, madres solteras, personas con discapacidad, adultos mayores, jóvenes y migrantes. | E8: Estrategia 1.3 Incrementar los apoyos sociales para mujeres y adultos mayores. | F8: Linea de Accion 1.3.3.-Gestionar talleres de auto empleo o capacitación para que cubran sus necesidades básicas. | H8: APOYOS | I8: ='METAS (PED)'!Q14 -> 66 | J8: ='1'!Q126 -> 0 | M8: =SUM(J8:L8) -> 0 | Q8: =SUM(N8:P8) -> 0 | R8: =L8+P8 -> 0 | S8: =R8/I8 -> 0 | W8: =SUM(T8:V8) -> 0 | AA8: =SUM(X8:Z8) -> 0 | AB8: =W8+AA8 -> 0 | AC8: =AB8/I8 -> 0 | AE8: =I8 -> 66 | AJ8: =SUM(AF8:AI8) -> 0 | AK8: =AJ8/AE8 -> 0
C9: C.A.S. Rosario Castellanos | D9: Objetivo 1. Beneficiar a más de un millón de personas sujetas a la asistencia social con programas de salud, alimentación a niñas y niños, apoyos para mujeres, madres solteras, personas con discapacidad, adultos mayores, jóvenes y migrantes. | E9: Estrategia 1.3 Incrementar los apoyos sociales para mujeres y adultos mayores. | F9: Linea de Accion 1.3.3.-Gestionar talleres de auto empleo o capacitación para que cubran sus necesidades básicas. | H9: PERSONAS | I9: ='METAS (PED)'!#REF! -> #REF! | J9: ='1'!Q127 -> 0 | M9: =SUM(J9:L9) -> 0 | Q9: =SUM(N9:P9) -> 0 | R9: =L9+P9 -> 0 | S9: =R9/I9 -> #REF! | W9: =SUM(T9:V9) -> 0 | AA9: =SUM(X9:Z9) -> 0 | AB9: =W9+AA9 -> 0 | AC9: =AB9/I9 -> #REF! | AE9: =I9 -> #REF! | AJ9: =SUM(AF9:AI9) -> 0 | AK9: =AJ9/AE9 -> #REF!
C10: C.A.S. Rosario Castellanos | D10: Objetivo 1. Beneficiar a más de un millón de personas sujetas a la asistencia social con programas de salud, alimentación a niñas y niños, apoyos para mujeres, madres solteras, personas con discapacidad, adultos mayores, jóvenes y migrantes. | E10: Estrategia 1.8 Asegurar la calidad en la atención a grupos en situación de riesgo o desamparo a través de las instituciones de asistencia social en el Estado, garantizando el cumplimiento de las leyes en la materia. | F10: Linea de Accion 1.8.1 :Supervisar que las instituciones cumplan con los indicadores de institucionalidad y transparencia. | H10: SERVICIOS | I10: ='METAS (PED)'!Q17 -> 300 | J10: ='1'!Q130 -> 0 | M10: =SUM(J10:L10) -> 0 | Q10: =SUM(N10:P10) -> 0 | R10: =L10+P10 -> 0 | S10: =R10/I10 -> 0 | W10: =SUM(T10:V10) -> 0 | AA10: =SUM(X10:Z10) -> 0 | AB10: =W10+AA10 -> 0 | AC10: =AB10/I10 -> 0 | AE10: =I10 -> 300 | AJ10: =SUM(AF10:AI10) -> 0 | AK10: =AJ10/AE10 -> 0
P11: 6 | W11: Meta Anual | X11: 1er. Trimestre | Y11: 2do. Trimestre | Z11: 3er. Trimestre | AA11: 4to. Trimestre | AB11: Avance # | AC11: Avance %
V12: Apoyos | W12: =AE3+AE8 -> 42195 | X12: =AF3 -> 0 | Y12: =AG3 -> 0 | Z12: =AH3 -> 0 | AA12: =AI3 -> 0 | AB12: =SUM(X12:AA12) -> 0 | AC12: =AB12/W12 -> 0
V13: Personas | W13: =AE4+AE6+AE9 -> #REF! | X13: =AF4 -> 0 | Y13: =AG4 -> 0 | Z13: =AH4 -> 0 | AA13: =AI4 -> 0 | AB13: =SUM(X13:AA13) -> 0 | AC13: =AB13/W13 -> #REF!
V14: Servicios | W14: =AE2+AE5+AE7+AE10 -> #REF! | X14: =AF2+AF5+AF6+AF7 -> 0 | Y14: =AG2+AG5+AG6+AG7 -> 0 | Z14: =AH2+AH5+AH6+AH7 -> 0 | AA14: =AI2+AI5+AI6+AI7 -> 0 | AB14: =SUM(X14:AA14) -> 0 | AC14: =AB14/W14 -> #REF!

Sheet 1
B2: SISTEMA PARA EL DESARROLLO INTEGRAL DE LA FAMILIA DEL ESTADO DE SAN LUIS POTOSÍ
A3: UNIDADES ADMINISTRATIVA : CENTRO DE ASISTENCIA SOCIAL ROSARIO CASTELLANOS
A7: INFORME DE AVANCE MENSUAL DEL MES DE ENERO DEL 2026, DOS MIL VEINTISEIS.
A9: Objetivo 1. | B9: Beneficiar a más de un millón de personas sujetas a la asistencia social con programas de salud, alimentación a niñas y niños, apoyos para mujeres, madres solteras, personas con discapacidad, adultos mayores, jóvenes y migrantes.
A10: Estrategia 1.2 | B10: Contribuir al desarrollo integral de las niñas, niños y adolescentes.
A11: LINEA DE ACCION 1.2.1 | B11: Brindar albergue en Centros Asistenciales con personal altamente capacitado con perespectiva de niñez y de discapacidad
A12: ACTIVIDAD | B12: GRUPO DE EDAD | C12: UNIDAD DE MEDIDA | D12: TIPO DE POBLACIÓN
F13: ZA | N13: ZC | V13: ZM | AD13: ZH
D14: ABIERTA | E14: CAUTIVA | F14: H | J14: M | N14: H | R14: M | V14: H | Z14: M | AD14: H | AH14: M | AL14: AVANCE | AM14: personas | AO14: Altiplano | AQ14: Centro | AS14: Media | AU14: Huasteca
F15: PD | G15: PO | H15: AFD | I15: PG | J15: PD | K15: PO | L15: AFD | M15: PG | N15: PD | O15: PO | P15: AFD | Q15: PG | R15: PD | S15: PO | T15: AFD | U15: PG | V15: PD | W15: PO | X15: AFD | Y15: PG | Z15: PD | AA15: PO | AB15: AFD | AC15: PG | AD15: PD | AE15: PO | AF15: AFD | AG15: PG | AH15: PD | AI15: PO | AJ15: AFD | AK15: PG | AM15: hombres | AN15: mujeres | AO15: hombres | AP15: mujeres | AQ15: hombres | AR15: mujeres | AS15: hombres | AT15: mujeres | AU15: hombres | AV15: mujeres
A16: POBLACION ALBERGADA | B16: 0 a 11 Años | C16: Servicio | M16: 2 | R16: 1 | U16: 6 | AL16: =SUM(F16:AK16) -> 9 | AM16: =SUM(F16:I16)+SUM(N16:Q16)+SUM(V16:Y16)+SUM(AD16:AG16) -> 0 | AN16: =SUM(J16:M16)+SUM(R16:U16)+SUM(Z16:AC16)+SUM(AH16:AK16) -> 9 | AO16: =SUM(F16:I16) -> 0 | AP16: =SUM(J16:M16) -> 2 | AQ16: =SUM(N16:Q16) -> 0 | AR16: =SUM(R16:U16) -> 7 | AS16: =SUM(V16:Y16) -> 0 | AT16: =SUM(Z16:AC16) -> 0 | AU16: =SUM(AD16:AG16) -> 0 | AV16: =SUM(AH16:AK16) -> 0
C17: Apoyo | AL17: =SUM(F17:AK17) -> 0 | AM17: =SUM(F17:I17)+SUM(N17:Q17)+SUM(V17:Y17)+SUM(AD17:AG17) -> 0 | AN17: =SUM(J17:M17)+SUM(R17:U17)+SUM(Z17:AC17)+SUM(AH17:AK17) -> 0 | AO17: =SUM(F17:I17) -> 0 | AP17: =SUM(J17:M17) -> 0 | AQ17: =SUM(N17:Q17) -> 0 | AR17: =SUM(R17:U17) -> 0 | AS17: =SUM(V17:Y17) -> 0 | AT17: =SUM(Z17:AC17) -> 0 | AU17: =SUM(AD17:AG17) -> 0 | AV17: =SUM(AH17:AK17) -> 0
C18: Persona | E18: X | M18: 1 | R18: 1 | U18: 4 | AL18: =SUM(F18:AK18) -> 6 | AM18: =SUM(F18:I18)+SUM(N18:Q18)+SUM(V18:Y18)+SUM(AD18:AG18) -> 0 | AN18: =SUM(J18:M18)+SUM(R18:U18)+SUM(Z18:AC18)+SUM(AH18:AK18) -> 6 | AO18: =SUM(F18:I18) -> 0 | AP18: =SUM(J18:M18) -> 1 | AQ18: =SUM(N18:Q18) -> 0 | AR18: =SUM(R18:U18) -> 5 | AS18: =SUM(V18:Y18) -> 0 | AT18: =SUM(Z18:AC18) -> 0 | AU18: =SUM(AD18:AG18) -> 0 | AV18: =SUM(AH18:AK18) -> 0
B19: 12 a 17 Años | C19: Servicio | M19: 2 | R19: 4 | U19: 4 | AC19: 2 | AL19: =SUM(F19:AK19) -> 12 | AM19: =SUM(F19:I19)+SUM(N19:Q19)+SUM(V19:Y19)+SUM(AD19:AG19) -> 0 | AN19: =SUM(J19:M19)+SUM(R19:U19)+SUM(Z19:AC19)+SUM(AH19:AK19) -> 12 | AO19: =SUM(F19:I19) -> 0 | AP19: =SUM(J19:M19) -> 2 | AQ19: =SUM(N19:Q19) -> 0 | AR19: =SUM(R19:U19) -> 8 | AS19: =SUM(V19:Y19) -> 0 | AT19: =SUM(Z19:AC19) -> 2 | AU19: =SUM(AD19:AG19) -> 0 | AV19: =SUM(AH19:AK19) -> 0
C20: Apoyo | U20: 0 | AL20: =SUM(F20:AK20) -> 0 | AM20: =SUM(F20:I20)+SUM(N20:Q20)+SUM(V20:Y20)+SUM(AD20:AG20) -> 0 | AN20: =SUM(J20:M20)+SUM(R20:U20)+SUM(Z20:AC20)+SUM(AH20:AK20) -> 0 | AO20: =SUM(F20:I20) -> 0 | AP20: =SUM(J20:M20) -> 0 | AQ20: =SUM(N20:Q20) -> 0 | AR20: =SUM(R20:U20) -> 0 | AS20: =SUM(V20:Y20) -> 0 | AT20: =SUM(Z20:AC20) -> 0 | AU20: =SUM(AD20:AG20) -> 0 | AV20: =SUM(AH20:AK20) -> 0
C21: Persona | E21: X | M21: 1 | R21: 4 | U21: 4 | AC21: 2 | AH21: 1 | AL21: =SUM(F21:AK21) -> 12 | AM21: =SUM(F21:I21)+SUM(N21:Q21)+SUM(V21:Y21)+SUM(AD21:AG21) -> 0 | AN21: =SUM(J21:M21)+SUM(R21:U21)+SUM(Z21:AC21)+SUM(AH21:AK21) -> 12 | AO21: =SUM(F21:I21) -> 0 | AP21: =SUM(J21:M21) -> 1 | AQ21: =SUM(N21:Q21) -> 0 | AR21: =SUM(R21:U21) -> 8 | AS21: =SUM(V21:Y21) -> 0 | AT21: =SUM(Z21:AC21) -> 2 | AU21: =SUM(AD21:AG21) -> 0 | AV21: =SUM(AH21:AK21) -> 1
B22: 18 a 59 años | C22: Servicio | AL22: =SUM(F22:AK22) -> 0 | AM22: =SUM(F22:I22)+SUM(N22:Q22)+SUM(V22:Y22)+SUM(AD22:AG22) -> 0 | AN22: =SUM(J22:M22)+SUM(R22:U22)+SUM(Z22:AC22)+SUM(AH22:AK22) -> 0 | AO22: =SUM(F22:I22) -> 0 | AP22: =SUM(J22:M22) -> 0 | AQ22: =SUM(N22:Q22) -> 0 | AR22: =SUM(R22:U22) -> 0 | AS22: =SUM(V22:Y22) -> 0 | AT22: =SUM(Z22:AC22) -> 0 | AU22: =SUM(AD22:AG22) -> 0 | AV22: =SUM(AH22:AK22) -> 0
C23: Apoyo | AL23: =SUM(F23:AK23) -> 0 | AM23: =SUM(F23:I23)+SUM(N23:Q23)+SUM(V23:Y23)+SUM(AD23:AG23) -> 0 | AN23: =SUM(J23:M23)+SUM(R23:U23)+SUM(Z23:AC23)+SUM(AH23:AK23) -> 0 | AO23: =SUM(F23:I23) -> 0 | AP23: =SUM(J23:M23) -> 0 | AQ23: =SUM(N23:Q23) -> 0 | AR23: =SUM(R23:U23) -> 0 | AS23: =SUM(V23:Y23) -> 0 | AT23: =SUM(Z23:AC23) -> 0 | AU23: =SUM(AD23:AG23) -> 0 | AV23: =SUM(AH23:AK23) -> 0
C24: Persona | E24: X | AL24: =SUM(F24:AK24) -> 0 | AM24: =SUM(F24:I24)+SUM(N24:Q24)+SUM(V24:Y24)+SUM(AD24:AG24) -> 0 | AN24: =SUM(J24:M24)+SUM(R24:U24)+SUM(Z24:AC24)+SUM(AH24:AK24) -> 0 | AO24: =SUM(F24:I24) -> 0 | AP24: =SUM(J24:M24) -> 0 | AQ24: =SUM(N24:Q24) -> 0 | AR24: =SUM(R24:U24) -> 0 | AS24: =SUM(S24:V24) -> 0 | AT24: =SUM(T24:W24) -> 0 | AU24: =SUM(AD24:AG24) -> 0 | AV24: =SUM(AH24:AK24) -> 0
A25: T O T A L | C25: Persona | F25: =F18+F21+F24 -> 0 | G25: =G18+G21+G24 -> 0 | H25: =H18+H21+H24 -> 0 | I25: =I18+I21+I24 -> 0 | J25: =J18+J21+J24 -> 0 | K25: =K18+K21+K24 -> 0 | L25: =L18+L21+L24 -> 0 | M25: =M18+M21+M24 -> 2 | ... AK25: =AK18+AK21+AK24 -> 0 | AL25: =SUM(F25:AK25) -> 18 | AM25: =AM18+AM21 -> 0 | AN25: =AN18+AN21+AN24 -> 18 | AO25: =AO18+AO21 -> 0 | AP25: =AP18+AP21+AP24 -> 2 | AQ25: =AQ18+AQ21+AQ24 -> 0 | AR25: =AR18+AR21+AR24 -> 13 | AS25: =AS18+AS21+AS24 -> 0 | AT25: =AT18+AT21+AT24 -> 2 | AU25: =AU18+AU21+AU24 -> 0 | AV25: =AV18+AV21+AV24 -> 1
C26: Apoyos | F26: =F17+F20+F23 -> 0 | G26: =G17+G20+G23 -> 0 | H26: =H17+H20+H23 -> 0 | I26: =I17+I20+I23 -> 0 | J26: =J17+J20+J23 -> 0 | K26: =K17+K20+K23 -> 0 | L26: =L17+L20+L23 -> 0 | M26: =M17+M20+M23 -> 0 | ... AK26: =AK17+AK20+AK23 -> 0 | AL26: =SUM(F26:AK26) -> 0 | AM26: =AM17+AM20 -> 0 | AN26: =AN17+AN20+AN23 -> 0 | AO26: =AO17+AO20 -> 0 | AP26: =AP17+AP20+AP23 -> 0 | AQ26: =AQ17+AQ20+AQ23 -> 0 | AR26: =AR17+AR20+AR23 -> 0 | AS26: =AS17+AS20+AS23 -> 0 | AT26: =AT17+AT20+AT23 -> 0 | AU26: =AU17+AU20+AU23 -> 0 | AV26: =AV17+AV20+AV23 -> 0
C27: Servicio | F27: =+F16+F19+F22 -> 0 | G27: =+G16+G19+G22 -> 0 | H27: =+H16+H19+H22 -> 0 | I27: =+I16+I19+I22 -> 0 | J27: =+J16+J19+J22 -> 0 | K27: =+K16+K19+K22 -> 0 | L27: =+L16+L19+L22 -> 0 | M27: =+M16+M19+M22 -> 4 | ... AK27: =+AK16+AK19+AK22 -> 0 | AL27: =SUM(F27:AK27) -> 21 | AM27: =AM16+AM19 -> 0 | AN27: =AN16+AN19+AN22 -> 21 | AO27: =AO16+AO19 -> 0 | AP27: =AP16+AP19+AP22 -> 4 | AQ27: =AQ16+AQ19+AQ22 -> 0 | AR27: =AR16+AR19+AR22 -> 15 | AS27: =AS16+AS19+AS22 -> 0 | AT27: =AT16+AT19+AT22 -> 2 | AU27: =AU16+AU19+AU22 -> 0 | AV27: =AV16+AV19+AV22 -> 0
A29: Objetivo 1. | B29: Beneficiar a más de un millón de personas sujetas a la asistencia social con programas de salud, alimentación a niñas y niños, apoyos para mujeres, madres solteras, personas con discapacidad, adultos mayores, jóvenes y migrantes.
A30: Estrategia 1.2 | B30: Contribuir al desarrollo integral de las niñas, niños y adolescentes.
A31: LINEA DE ACCION 1.2.3 | B31: Prevenir los riesgos psicosociales a los que se enfrenta las niñas, niños y adolescentes.
A32: ACTIVIDAD | B32: GRUPO DE EDAD | C32: UNIDAD DE MEDIDA | D32: TIPO DE POBLACIÓN
F33: ZA | N33: ZC | V33: ZM | AD33: ZH
D34: ABIERTA | E34: CAUTIVA | F34: H | J34: M | N34: H | R34: M | V34: H | Z34: M | AD34: H | AH34: M | AL34: AVANCE | AM34: personas | AO34: Altiplano | AQ34: Centro | AS34: Media | AU34: Huasteca
F35: PD | G35: PO | H35: AFD | I35: PG | J35: PD | K35: PO | L35: AFD | M35: PG | N35: PD | O35: PO | P35: AFD | Q35: PG | R35: PD | S35: PO | T35: AFD | U35: PG | V35: PD | W35: PO | X35: AFD | Y35: PG | Z35: PD | AA35: PO | AB35: AFD | AC35: PG | AD35: PD | AE35: PO | AF35: AFD | AG35: PG | AH35: PD | AI35: PO | AJ35: AFD | AK35: PG | AM35: hombres | AN35: mujeres | AO35: hombres | AP35: mujeres | AQ35: hombres | AR35: mujeres | AS35: hombres | AT35: mujeres | AU35: hombres | AV35: mujeres
A36: ATENCIÓN SOCIAL | B36: 0 a 11 Años | C36: Servicio | R36: 3 | U36: 17 | AL36: =SUM(F36:AK36) -> 20 | AM36: =SUM(F36:I36)+SUM(N36:Q36)+SUM(V36:Y36)+SUM(AD36:AG36) -> 0 | AN36: =SUM(J36:M36)+SUM(R36:U36)+SUM(Z36:AC36)+SUM(AH36:AK36) -> 20 | AO36: =SUM(F36:I36) -> 0 | AP36: =SUM(J36:M36) -> 0 | AQ36: =SUM(N36:Q36) -> 0 | AR36: =SUM(R36:U36) -> 20 | AS36: =SUM(V36:Y36) -> 0 | AT36: =SUM(Z36:AC36) -> 0 | AU36: =SUM(AD36:AG36) -> 0 | AV36: =SUM(AH36:AK36) -> 0
B37: 12 a 17 Años | C37: Servicio | R37: 26 | U37: 26 | AC37: 10 | AL37: =SUM(F37:AK37) -> 62 | AM37: =SUM(F37:I37)+SUM(N37:Q37)+SUM(V37:Y37)+SUM(AD37:AG37) -> 0 | AN37: =SUM(J37:M37)+SUM(R37:U37)+SUM(Z37:AC37)+SUM(AH37:AK37) -> 62 | AO37: =SUM(F37:I37) -> 0 | AP37: =SUM(J37:M37) -> 0 | AQ37: =SUM(N37:Q37) -> 0 | AR37: =SUM(R37:U37) -> 52 | AS37: =SUM(V37:Y37) -> 0 | AT37: =SUM(Z37:AC37) -> 10 | AU37: =SUM(AD37:AG37) -> 0 | AV37: =SUM(AH37:AK37) -> 0
B38: 18 a 59 Años | C38: Servicio | AL38: =SUM(F38:AK38) -> 0 | AM38: =SUM(F38:I38)+SUM(N38:Q38)+SUM(V38:Y38)+SUM(AD38:AG38) -> 0 | AN38: =SUM(J38:M38)+SUM(R38:U38)+SUM(Z38:AC38)+SUM(AH38:AK38) -> 0 | AO38: =SUM(F38:I38) -> 0 | AP38: =SUM(J38:M38) -> 0 | AQ38: =SUM(N38:Q38) -> 0 | AR38: =SUM(R38:U38) -> 0 | AS38: =SUM(V38:Y38) -> 0 | AT38: =SUM(Z38:AC38) -> 0 | AU38: =SUM(AD38:AG38) -> 0 | AV38: =SUM(AH38:AK38) -> 0
A39: T O T A L | C39: Servicio | F39: =+F36+F37+F38 -> 0 | G39: =+G36+G37+G38 -> 0 | H39: =+H36+H37+H38 -> 0 | I39: =+I36+I37+I38 -> 0 | J39: =+J36+J37+J38 -> 0 | K39: =+K36+K37+K38 -> 0 | L39: =+L36+L37+L38 -> 0 | M39: =+M36+M37+M38 -> 0 | ... AK39: =+AK36+AK37+AK38 -> 0 | AL39: =SUM(F39:AK39) -> 82 | AM39: =AM36+AM37+AM38 -> 0 | AN39: =AN36+AN37+AN38 -> 82 | AO39: =AO36+AO37+AO38 -> 0 | AP39: =AP36+AP37+AP38 -> 0 | AQ39: =AQ36+AQ37+AQ38 -> 0 | AR39: =AR36+AR37+AR38 -> 72 | AS39: =AS36+AS37+AS38 -> 0 | AT39: =AT36+AT37+AT38 -> 10 | ... AV39: =AV36+AV37+AV38 -> 0
A41: Objetivo 1. | B41: Beneficiar a más de un millón de personas sujetas a la asistencia social con programas de salud, alimentación a niñas y niños, apoyos para mujeres, madres solteras, personas con discapacidad, adultos mayores, jóvenes y migrantes.
A42: Estrategia 1.2 | B42: Contribuir al desarrollo integral de las niñas, niños y adolescentes.
A43: LINEA DE ACCION 1.2.3 | B43: Prevenir los riesgos psicosociales a los que se enfrenta las niñas, niños y adolescentes.
A44: ACTIVIDAD | B44: GRUPO DE EDAD | C44: UNIDAD DE MEDIDA | D44: TIPO DE POBLACIÓN
F45: ZA | N45: ZC | V45: ZM | AD45: ZH
D46: ABIERTA | E46: CAUTIVA | F46: H | J46: M | N46: H | R46: M | V46: H | Z46: M | AD46: H | AH46: M | AL46: AVANCE | AM46: personas | AO46: Altiplano | AQ46: Centro | AS46: Media | AU46: Huasteca
F47: PD | G47: PO | H47: AFD | I47: PG | J47: PD | K47: PO | L47: AFD | M47: PG | N47: PD | O47: PO | P47: AFD | Q47: PG | R47: PD | S47: PO | T47: AFD | U47: PG | V47: PD | W47: PO | X47: AFD | Y47: PG | Z47: PD | AA47: PO | AB47: AFD | AC47: PG | AD47: PD | AE47: PO | AF47: AFD | AG47: PG | AH47: PD | AI47: PO | AJ47: AFD | AK47: PG | AM47: hombres | AN47: mujeres | AO47: hombres | AP47: mujeres | AQ47: hombres | AR47: mujeres | AS47: hombres | AT47: mujeres | AU47: hombres | AV47: mujeres
A48: ATENCION PSICOPEDAGOGICA | B48: 0 a 11 Años | C48: Servicio | M48: 9 | R48: 10 | U48: 33 | AL48: =SUM(F48:AK48) -> 52 | AM48: =SUM(F48:I48)+SUM(N48:Q48)+SUM(V48:Y48)+SUM(AD48:AG48) -> 0 | AN48: =SUM(J48:M48)+SUM(R48:U48)+SUM(Z48:AC48)+SUM(AH48:AK48) -> 52 | AO48: =SUM(F48:I48) -> 0 | AP48: =SUM(J48:M48) -> 9 | AQ48: =SUM(N48:Q48) -> 0 | AR48: =SUM(R48:U48) -> 43 | AS48: =SUM(V48:Y48) -> 0 | AT48: =SUM(Z48:AC48) -> 0 | AU48: =SUM(AD48:AG48) -> 0 | AV48: =SUM(AH48:AK48) -> 0
B49: 12 a 17 Años | C49: Servicio | M49: 9 | R49: 36 | U49: 37 | AC49: 20 | AH49: 10 | AL49: =SUM(F49:AK49) -> 112 | AM49: =SUM(F49:I49)+SUM(N49:Q49)+SUM(V49:Y49)+SUM(AD49:AG49) -> 0 | AN49: =SUM(J49:M49)+SUM(R49:U49)+SUM(Z49:AC49)+SUM(AH49:AK49) -> 112 | AO49: =SUM(F49:I49) -> 0 | AP49: =SUM(J49:M49) -> 9 | AQ49: =SUM(N49:Q49) -> 0 | AR49: =SUM(R49:U49) -> 73 | AS49: =SUM(V49:Y49) -> 0 | AT49: =SUM(Z49:AC49) -> 20 | AU49: =SUM(AD49:AG49) -> 0 | AV49: =SUM(AH49:AK49) -> 10
B50: 18 a 59 años | C50: Servicio
A51: T O T A L | C51: Servicio | F51: =+F48+F49 -> 0 | G51: =+G48+G49 -> 0 | H51: =+H48+H49 -> 0 | I51: =+I48+I49 -> 0 | J51: =+J48+J49 -> 0 | K51: =+K48+K49 -> 0 | L51: =+L48+L49 -> 0 | M51: =+M48+M49 -> 18 | ... AK51: =+AK48+AK49 -> 0 | AL51: =SUM(F51:AK51) -> 164 | AM51: =AM48+AM49 -> 0 | AN51: =AN48+AN49 -> 164 | AO51: =AO48+AO49 -> 0 | AP51: =AP48+AP49 -> 18 | AQ51: =AQ48+AQ49 -> 0 | AR51: =AR48+AR49 -> 116 | AS51: =AS48+AS49 -> 0 | AT51: =AT48+AT49 -> 20 | ... AV51: =AV48+AV49 -> 10
A53: Objetivo 1. | B53: Beneficiar a más de un millón de personas sujetas a la asistencia social con programas de salud, alimentación a niñas y niños, apoyos para mujeres, madres solteras, personas con discapacidad, adultos mayores, jóvenes y migrantes.
A54: Estrategia 1.2 | B54: Contribuir al desarrollo integral de las niñas, niños y adolescentes.
A55: LINEA DE ACCION 1.2.1 | B55: Brindar albergue en Centros Asistenciales con personal altamente capacitado con perespectiva de niñez y de discapacidad
A56: ACTIVIDAD | B56: GRUPO DE EDAD | C56: UNIDAD DE MEDIDA | D56: TIPO DE POBLACIÓN
F57: ZA | N57: ZC | V57: ZM | AD57: ZH
D58: ABIERTA | E58: CAUTIVA | F58: H | J58: M | N58: H | R58: M | V58: H | Z58: M | AD58: H | AH58: M | AL58: AVANCE | AM58: personas | AO58: Altiplano | AQ58: Centro | AS58: Media | AU58: Huasteca
F59: PD | G59: PO | H59: AFD | I59: PG | J59: PD | K59: PO | L59: AFD | M59: PG | N59: PD | O59: PO | P59: AFD | Q59: PG | R59: PD | S59: PO | T59: AFD | U59: PG | V59: PD | W59: PO | X59: AFD | Y59: PG | Z59: PD | AA59: PO | AB59: AFD | AC59: PG | AD59: PD | AE59: PO | AF59: AFD | AG59: PG | AH59: PD | AI59: PO | AJ59: AFD | AK59: PG | AM59: hombres | AN59: mujeres | AO59: hombres | AP59: mujeres | AQ59: hombres | AR59: mujeres | AS59: hombres | AT59: mujeres | AU59: hombres | AV59: mujeres
A60: ATENCIÓN MEDICA | B60: 0 a 11 Años | C60: Servicio | M60: 8 | R60: 7 | U60: 22 | AL60: =SUM(F60:AK60) -> 37 | AM60: =SUM(F60:I60)+SUM(N60:Q60)+SUM(V60:Y60)+SUM(AD60:AG60) -> 0 | AN60: =SUM(J60:M60)+SUM(R60:U60)+SUM(Z60:AC60)+SUM(AH60:AK60) -> 37 | AO60: =SUM(F60:I60) -> 0 | AP60: =SUM(J60:M60) -> 8 | AQ60: =SUM(N60:Q60) -> 0 | AR60: =SUM(R60:U60) -> 29 | AS60: =SUM(V60:Y60) -> 0 | AT60: =SUM(Z60:AC60) -> 0 | AU60: =SUM(AD60:AG60) -> 0 | AV60: =SUM(AH60:AK60) -> 0
C61: Apoyo | R61: 1 | U61: 3 | AL61: =SUM(F61:AK61) -> 4 | AM61: =SUM(F61:I61)+SUM(N61:Q61)+SUM(V61:Y61)+SUM(AD61:AG61) -> 0 | AN61: =SUM(J61:M61)+SUM(R61:U61)+SUM(Z61:AC61)+SUM(AH61:AK61) -> 4 | AO61: =SUM(F61:I61) -> 0 | AP61: =SUM(J61:M61) -> 0 | AQ61: =SUM(N61:Q61) -> 0 | AR61: =SUM(R61:U61) -> 4 | AS61: =SUM(V61:Y61) -> 0 | AT61: =SUM(Z61:AC61) -> 0 | AU61: =SUM(AD61:AG61) -> 0 | AV61: =SUM(AH61:AK61) -> 0
B62: 12 a 17 Años | C62: Servicio | M62: 4 | R62: 37 | U62: 31 | Z62: 9 | AC62: 18 | AH62: 9 | AL62: =SUM(F62:AK62) -> 108 | AM62: =SUM(F62:I62)+SUM(N62:Q62)+SUM(V62:Y62)+SUM(AD62:AG62) -> 0 | AN62: =SUM(J62:M62)+SUM(R62:U62)+SUM(Z62:AC62)+SUM(AH62:AK62) -> 108 | AO62: =SUM(F62:I62) -> 0 | AP62: =SUM(J62:M62) -> 4 | AQ62: =SUM(N62:Q62) -> 0 | AR62: =SUM(R62:U62) -> 68 | AS62: =SUM(V62:Y62) -> 0 | AT62: =SUM(Z62:AC62) -> 27 | AU62: =SUM(AD62:AG62) -> 0 | AV62: =SUM(AH62:AK62) -> 9
C63: Apoyo | R63: 4 | U63: 3 | AC63: 2 | AH63: 1 | AL63: =SUM(F63:AK63) -> 10 | AM63: =SUM(F63:I63)+SUM(N63:Q63)+SUM(V63:Y63)+SUM(AD63:AG63) -> 0 | AN63: =SUM(J63:M63)+SUM(R63:U63)+SUM(Z63:AC63)+SUM(AH63:AK63) -> 10 | AO63: =SUM(F63:I63) -> 0 | AP63: =SUM(J63:M63) -> 0 | AQ63: =SUM(N63:Q63) -> 0 | AR63: =SUM(R63:U63) -> 7 | AS63: =SUM(V63:Y63) -> 0 | AT63: =SUM(Z63:AC63) -> 2 | AU63: =SUM(AD63:AG63) -> 0 | AV63: =SUM(AH63:AK63) -> 1
B64: 18 a 59 años | C64: Servicio | AL64: =SUM(F64:AK64) -> 0 | AM64: =SUM(F64:I64)+SUM(N64:Q64)+SUM(V64:Y64)+SUM(AD64:AG64) -> 0 | AN64: =SUM(J64:M64)+SUM(R64:U64)+SUM(Z64:AC64)+SUM(AH64:AK64) -> 0 | AP64: =SUM(J64:M64) -> 0 | AR64: =SUM(R64:U64) -> 0 | AT64: =SUM(Z64:AC64) -> 0 | AV64: =SUM(AH64:AK64) -> 0
C65: Apoyo | AL65: =SUM(F65:AK65) -> 0 | AM65: =SUM(F65:I65)+SUM(N65:Q65)+SUM(V65:Y65)+SUM(AD65:AG65) -> 0 | AN65: =SUM(J65:M65)+SUM(R65:U65)+SUM(Z65:AC65)+SUM(AH65:AK65) -> 0 | AP65: =SUM(J65:M65) -> 0 | AR65: =SUM(R65:U65) -> 0 | AT65: =SUM(Z65:AC65) -> 0 | AV65: =SUM(AH65:AK65) -> 0
A66: T O T A L | C66: Apoyos | F66: =+F61+F63 -> 0 | G66: =+G61+G63 -> 0 | H66: =+H61+H63 -> 0 | I66: =+I61+I63 -> 0 | J66: =+J61+J63 -> 0 | K66: =+K61+K63 -> 0 | L66: =+L61+L63 -> 0 | M66: =+M61+M63 -> 0 | ... AK66: =+AK61+AK63 -> 0 | AL66: =SUM(F66:AK66) -> 14 | AM66: =AM61+AM63 -> 0 | AN66: =AN61+AN63 -> 14 | AO66: =AO61+AO63 -> 0 | AP66: =AP61+AP63 -> 0 | AQ66: =AQ61+AQ63 -> 0 | AR66: =AR61+AR63 -> 11 | AS66: =AS61+AS63 -> 0 | AT66: =AT61+AT63 -> 2 | ... AV66: =AV61+AV63 -> 1
C67: Servicio | F67: =+F60+F62 -> 0 | G67: =+G60+G62 -> 0 | H67: =+H60+H62 -> 0 | I67: =+I60+I62 -> 0 | J67: =+J60+J62 -> 0 | K67: =+K60+K62 -> 0 | L67: =+L60+L62 -> 0 | M67: =+M60+M62 -> 12 | ... AK67: =+AK60+AK62 -> 0 | AL67: =SUM(F67:AK67) -> 145 | AM67: =AM60+AM62 -> 0 | AN67: =AN60+AN62 -> 145 | AO67: =AO60+AO62 -> 0 | AP67: =AP60+AP62 -> 12 | AQ67: =AQ60+AQ62 -> 0 | AR67: =AR60+AR62 -> 97 | AS67: =AS60+AS62 -> 0 | AT67: =AT60+AT62 -> 27 | ... AV67: =AV60+AV62 -> 9
A69: Objetivo 1. | B69: Beneficiar a más de un millón de personas sujetas a la asistencia social con programas de salud, alimentación a niñas y niños, apoyos para mujeres, madres solteras, personas con discapacidad, adultos mayores, jóvenes y migrantes.
A70: Estrategía 1.3 | B70: Estrategía 1.3 Incrementar los apoyos sociales para mujeres y adultos mayores
A71: LINEA DE ACCION 1.3.3 | B71: Gestionar talleres de auto empleo o capacitación para que cubran sus necesidades básicas.
A72: ACTIVIDAD | B72: GRUPO DE EDAD | C72: UNIDAD DE MEDIDA | D72: TIPO DE POBLACIÓN
F73: ZA | N73: ZC | V73: ZM | AD73: ZH
D74: ABIERTA | E74: CAUTIVA | F74: H | J74: M | N74: H | R74: M | V74: H | Z74: M | AD74: H | AH74: M | AL74: AVANCE | AM74: personas | AO74: Altiplano | AQ74: Centro | AS74: Media | AU74: Huasteca
F75: PD | G75: PO | H75: AFD | I75: PG | J75: PD | K75: PO | L75: AFD | M75: PG | N75: PD | O75: PO | P75: AFD | Q75: PG | R75: PD | S75: PO | T75: AFD | U75: PG | V75: PD | W75: PO | X75: AFD | Y75: PG | Z75: PD | AA75: PO | AB75: AFD | AC75: PG | AD75: PD | AE75: PO | AF75: AFD | AG75: PG | AH75: PD | AI75: PO | AJ75: AFD | AK75: PG | AM75: hombres | AN75: mujeres | AO75: hombres | AP75: mujeres | AQ75: hombres | AR75: mujeres | AS75: hombres | AT75: mujeres | AU75: hombres | AV75: mujeres
A76: EDUCACIÓN Y FORMACIÓN | B76: 0 a 11 Años | C76: Servicio | R76: 16 | U76: 80 | AL76: =SUM(F76:AK76) -> 96 | AM76: =SUM(F76:I76)+SUM(N76:Q76)+SUM(V76:Y76)+SUM(AD76:AG76) -> 0 | AN76: =SUM(J76:M76)+SUM(R76:U76)+SUM(Z76:AC76)+SUM(AH76:AK76) -> 96 | AO76: =SUM(F76:I76) -> 0 | AP76: =SUM(J76:M76) -> 0 | AQ76: =SUM(N76:Q76) -> 0 | AR76: =SUM(R76:U76) -> 96 | AS76: =SUM(V76:Y76) -> 0 | AT76: =SUM(Z76:AC76) -> 0 | AU76: =SUM(AD76:AG76) -> 0 | AV76: =SUM(AH76:AK76) -> 0
C77: Apoyo | AL77: =SUM(F77:AK77) -> 0 | AM77: =SUM(F77:I77)+SUM(N77:Q77)+SUM(V77:Y77)+SUM(AD77:AG77) -> 0 | AN77: =SUM(J77:M77)+SUM(R77:U77)+SUM(Z77:AC77)+SUM(AH77:AK77) -> 0 | AO77: =SUM(F77:I77) -> 0 | AP77: =SUM(J77:M77) -> 0 | AQ77: =SUM(N77:Q77) -> 0 | AR77: =SUM(R77:U77) -> 0 | AS77: =SUM(V77:Y77) -> 0 | AT77: =SUM(Z77:AC77) -> 0 | AU77: =SUM(AD77:AG77) -> 0 | AV77: =SUM(AH77:AK77) -> 0
B78: 12 a 17 Años | C78: Servicio | R78: 182 | U78: 98 | AC78: 34 | AH78: 43 | AL78: =SUM(F78:AK78) -> 357 | AM78: =SUM(F78:I78)+SUM(N78:Q78)+SUM(V78:Y78)+SUM(AD78:AG78) -> 0 | AN78: =SUM(J78:M78)+SUM(R78:U78)+SUM(Z78:AC78)+SUM(AH78:AK78) -> 357 | AO78: =SUM(F78:I78) -> 0 | AP78: =SUM(J78:M78) -> 0 | AQ78: =SUM(N78:Q78) -> 0 | AR78: =SUM(R78:U78) -> 280 | AS78: =SUM(V78:Y78) -> 0 | AT78: =SUM(Z78:AC78) -> 34 | AU78: =SUM(AD78:AG78) -> 0 | AV78: =SUM(AH78:AK78) -> 43
C79: Apoyo | AL79: =SUM(F79:AK79) -> 0 | AM79: =SUM(F79:I79)+SUM(N79:Q79)+SUM(V79:Y79)+SUM(AD79:AG79) -> 0 | AN79: =SUM(J79:M79)+SUM(R79:U79)+SUM(Z79:AC79)+SUM(AH79:AK79) -> 0 | AO79: =SUM(F79:I79) -> 0 | AP79: =SUM(J79:M79) -> 0 | AQ79: =SUM(N79:Q79) -> 0 | AR79: =SUM(R79:U79) -> 0 | AS79: =SUM(V79:Y79) -> 0 | AT79: =SUM(Z79:AC79) -> 0 | AU79: =SUM(AD79:AG79) -> 0 | AV79: =SUM(AH79:AK79) -> 0
B80: 18 a 59 años | C80: Servicio | AL80: =SUM(F80:AK80) -> 0 | AM80: =SUM(F80:I80)+SUM(N80:Q80)+SUM(V80:Y80)+SUM(AD80:AG80) -> 0 | AN80: =SUM(J80:M80)+SUM(R80:U80)+SUM(Z80:AC80)+SUM(AH80:AK80) -> 0 | AO80: =SUM(F80:I80) -> 0 | AP80: =SUM(J80:M80) -> 0 | AQ80: =SUM(N80:Q80) -> 0 | AR80: =SUM(R80:U80) -> 0 | AS80: =SUM(V80:Y80) -> 0 | AT80: =SUM(Z80:AC80) -> 0 | AU80: =SUM(AD80:AG80) -> 0 | AV80: =SUM(AH80:AK80) -> 0
C81: Apoyo | AL81: =SUM(F81:AK81) -> 0 | AM81: =SUM(F81:I81)+SUM(N81:Q81)+SUM(V81:Y81)+SUM(AD81:AG81) -> 0 | AN81: =SUM(J81:M81)+SUM(R81:U81)+SUM(Z81:AC81)+SUM(AH81:AK81) -> 0 | AO81: =SUM(F81:I81) -> 0 | AP81: =SUM(J81:M81) -> 0 | AQ81: =SUM(N81:Q81) -> 0 | AR81: =SUM(R81:U81) -> 0 | AS81: =SUM(V81:Y81) -> 0 | AT81: =SUM(Z81:AC81) -> 0 | AU81: =SUM(AD81:AG81) -> 0 | AV81: =SUM(AH81:AK81) -> 0
A82: T O T A L | C82: Apoyos | F82: =+F77+F79 -> 0 | G82: =+G77+G79 -> 0 | H82: =+H77+H79 -> 0 | I82: =+I77+I79 -> 0 | J82: =+J77+J79 -> 0 | K82: =+K77+K79 -> 0 | L82: =+L77+L79 -> 0 | M82: =+M77+M79 -> 0 | ... AK82: =+AK77+AK79 -> 0 | AL82: =SUM(F82:AK82) -> 0 | AM82: =AM77+AM79 -> 0 | AN82: =AN77+AN79 -> 0 | AO82: =AO77+AO79 -> 0 | AP82: =AP77+AP79 -> 0 | AQ82: =AQ77+AQ79 -> 0 | AR82: =AR77+AR79 -> 0 | AS82: =AS77+AS79 -> 0 | AT82: =AT77+AT79 -> 0 | ... AV82: =AV77+AV79 -> 0
C83: Servicio | F83: =+F76+F78 -> 0 | G83: =+G76+G78 -> 0 | H83: =+H76+H78 -> 0 | I83: =+I76+I78 -> 0 | J83: =+J76+J78 -> 0 | K83: =+K76+K78 -> 0 | L83: =+L76+L78 -> 0 | M83: =+M76+M78 -> 0 | ... AK83: =+AK76+AK78 -> 0 | AL83: =SUM(F83:AK83) -> 453 | AM83: =AM76+AM78 -> 0 | AN83: =AN76+AN78 -> 453 | AO83: =AO76+AO78 -> 0 | AP83: =AP76+AP78 -> 0 | AQ83: =AQ76+AQ78 -> 0 | AR83: =AR76+AR78 -> 376 | AS83: =AS76+AS78 -> 0 | AT83: =AT76+AT78 -> 34 | ... AV83: =AV76+AV78 -> 43
A85: Objetivo 1. | B85: Beneficiar a más de un millón de personas sujetas a la asistencia social con programas de salud, alimentación a niñas y niños, apoyos para mujeres, madres solteras, personas con discapacidad, adultos mayores, jóvenes y migrantes.
A86: Estrategia 1.8 | B86: Asegurar la calidad en la atención a grupos en situación de riesgo o desamparo a través de las instituciones de asistencia social en el Estado, garantizando el cumplimiento de las leyes en la materia.
A87: LINEA DE ACCION 1.8.1 | B87: Supervisar que las instituciones cumplan con los indicadores de institucionalidad y transparencia.
A88: ACTIVIDAD | B88: GRUPO DE EDAD | C88: UNIDAD DE MEDIDA | D88: TIPO DE POBLACIÓN
F89: ZA | N89: ZC | V89: ZM | AD89: ZH
D90: ABIERTA | E90: CAUTIVA | F90: H | J90: M | N90: H | R90: M | V90: H | Z90: M | AD90: H | AH90: M | AL90: AVANCE | AM90: personas | AO90: Altiplano | AQ90: Centro | AS90: Media | AU90: Huasteca
F91: PD | G91: PO | H91: AFD | I91: PG | J91: PD | K91: PO | L91: AFD | M91: PG | N91: PD | O91: PO | P91: AFD | Q91: PG | R91: PD | S91: PO | T91: AFD | U91: PG | V91: PD | W91: PO | X91: AFD | Y91: PG | Z91: PD | AA91: PO | AB91: AFD | AC91: PG | AD91: PD | AE91: PO | AF91: AFD | AG91: PG | AH91: PD | AI91: PO | AJ91: AFD | AK91: PG | AM91: hombres | AN91: mujeres | AO91: hombres | AP91: mujeres | AQ91: hombres | AR91: mujeres | AS91: hombres | AT91: mujeres | AU91: hombres | AV91: mujeres
A92: TRANSPARENCIA | B92: 0 a 11 Años | C92: Servicio | AL92: =SUM(F92:AK92) -> 0 | AM92: =SUM(F92:I92)+SUM(N92:Q92)+SUM(V92:Y92)+SUM(AD92:AG92) -> 0 | AN92: =SUM(J92:M92)+SUM(R92:U92)+SUM(Z92:AC92)+SUM(AH92:AK92) -> 0 | AO92: =SUM(F92:I92) -> 0 | AP92: =SUM(J92:M92) -> 0 | AQ92: =SUM(N92:Q92) -> 0 | AR92: =SUM(R92:U92) -> 0 | AS92: =SUM(V92:Y92) -> 0 | AT92: =SUM(Z92:AC92) -> 0 | AU92: =SUM(AD92:AG92) -> 0 | AV92: =SUM(AH92:AK92) -> 0
B93: 12 a 17 Años | C93: Servicio | AL93: =SUM(F93:AK93) -> 0 | AM93: =SUM(F93:I93)+SUM(N93:Q93)+SUM(V93:Y93)+SUM(AD93:AG93) -> 0 | AN93: =SUM(J93:M93)+SUM(R93:U93)+SUM(Z93:AC93)+SUM(AH93:AK93) -> 0 | AO93: =SUM(F93:I93) -> 0 | AP93: =SUM(J93:M93) -> 0 | AQ93: =SUM(N93:Q93) -> 0 | AR93: =SUM(R93:U93) -> 0 | AS93: =SUM(V93:Y93) -> 0 | AT93: =SUM(Z93:AC93) -> 0 | AU93: =SUM(AD93:AG93) -> 0 | AV93: =SUM(AH93:AK93) -> 0
A97: T O T A L. | B97: 0 a 11 Años | C97: Servicio | F97: =F16+F36+F48+F60+F76+F92 -> 0 | G97: =G16+G36+G48+G60+G76+G92 -> 0 | H97: =H16+H36+H48+H60+H76+H92 -> 0 | I97: =I16+I36+I48+I60+I76+I92 -> 0 | J97: =J16+J36+J48+J60+J76+J92 -> 0 | K97: =K16+K36+K48+K60+K76+K92 -> 0 | L97: =L16+L36+L48+L60+L76+L92 -> 0 | M97: =M16+M36+M48+M60+M76+M92 -> 19 | ... AK97: =AK16+AK36+AK48+AK60+AK76+AK92 -> 0 | AL97: =SUM(F97:AK97) -> 214
C98: Apoyo | F98: =F17+F61+F77 -> 0 | G98: =G17+G61+G77 -> 0 | H98: =H17+H61+H77 -> 0 | I98: =I17+I61+I77 -> 0 | J98: =J17+J61+J77 -> 0 | K98: =K17+K61+K77 -> 0 | L98: =L17+L61+L77 -> 0 | M98: =M17+M61+M77 -> 0 | ... AK98: =AK17+AK61+AK77 -> 0 | AL98: =SUM(F98:AK98) -> 4
C99: Persona | E99: X | F99: =F18 -> 0 | G99: =G18 -> 0 | H99: =H18 -> 0 | I99: =I18 -> 0 | J99: =J18 -> 0 | K99: =K18 -> 0 | L99: =L18 -> 0 | M99: =M18 -> 1 | ... AK99: =AK18 -> 0 | AL99: =SUM(F99:AK99) -> 6
B100: 12 a 17 Años | C100: Servicio | F100: =F19+F37+F49+F62+F78+F93 -> 0 | G100: =G19+G37+G49+G62+G78+G93 -> 0 | H100: =H19+H37+H49+H62+H78+H93 -> 0 | I100: =I19+I37+I49+I62+I78+I93 -> 0 | J100: =J19+J37+J49+J62+J78+J93 -> 0 | K100: =K19+K37+K49+K62+K78+K93 -> 0 | L100: =L19+L37+L49+L62+L78+L93 -> 0 | M100: =M19+M37+M49+M62+M78+M93 -> 15 | ... AK100: =AK19+AK37+AK49+AK62+AK78+AK93 -> 0 | AL100: =SUM(F100:AK100) -> 651
C101: Apoyo | F101: =F20+F63+F79 -> 0 | G101: =G20+G63+G79 -> 0 | H101: =H20+H63+H79 -> 0 | I101: =I20+I63+I79 -> 0 | J101: =J20+J63+J79 -> 0 | K101: =K20+K63+K79 -> 0 | L101: =L20+L63+L79 -> 0 | M101: =M20+M63+M79 -> 0 | ... AK101: =AK20+AK63+AK79 -> 0 | AL101: =SUM(F101:AK101) -> 10
C102: Persona | E102: X | F102: =F21 -> 0 | G102: =G21 -> 0 | H102: =H21 -> 0 | I102: =I21 -> 0 | J102: =J21 -> 0 | K102: =K21 -> 0 | L102: =L21 -> 0 | M102: =M21 -> 1 | ... AK102: =AK21 -> 0 | AL102: =SUM(F102:AK102) -> 12
B103: 18 a 59 Años | C103: Servicio | F103: =F38 -> 0 | G103: =G38 -> 0 | H103: =H38 -> 0 | I103: =I38 -> 0 | J103: =J38 -> 0 | K103: =K38 -> 0 | L103: =L38 -> 0 | M103: =M38 -> 0 | ... AK103: =AK38 -> 0 | AL103: =SUM(F103:AK103) -> 0
C104: Persona | E104: X | F104: =F24 -> 0 | G104: =G24 -> 0 | H104: =H24 -> 0 | I104: =I24 -> 0 | J104: =J24 -> 0 | K104: =K24 -> 0 | L104: =L24 -> 0 | M104: =M24 -> 0 | ... AK104: =AK24 -> 0 | AL104: =SUM(F104:AK104) -> 0
A105: T O T A L | C105: Persona | F105: =F99+F102+F104 -> 0 | G105: =G99+G102+G104 -> 0 | H105: =H99+H102+H104 -> 0 | I105: =I99+I102+I104 -> 0 | J105: =J99+J102+J104 -> 0 | K105: =K99+K102+K104 -> 0 | L105: =L99+L102+L104 -> 0 | M105: =M99+M102+M104 -> 2 | ... AK105: =AK99+AK102+AK104 -> 0 | AL105: =SUM(F105:AK105) -> 18
C106: Apoyos | F106: =F98+F101 -> 0 | G106: =G98+G101 -> 0 | H106: =H98+H101 -> 0 | I106: =I98+I101 -> 0 | J106: =J98+J101 -> 0 | K106: =K98+K101 -> 0 | L106: =L98+L101 -> 0 | M106: =M98+M101 -> 0 | ... AK106: =AK98+AK101 -> 0 | AL106: =SUM(F106:AK106) -> 14
C107: Servicio | F107: =+F97+F100+F103 -> 0 | G107: =+G97+G100+G103 -> 0 | H107: =+H97+H100+H103 -> 0 | I107: =+I97+I100+I103 -> 0 | J107: =+J97+J100+J103 -> 0 | K107: =+K97+K100+K103 -> 0 | L107: =+L97+L100+L103 -> 0 | M107: =+M97+M100+M103 -> 34 | ... AK107: =+AK97+AK100+AK103 -> 0 | AL107: =SUM(F107:AK107) -> 865
A109: Numero de personas beneciciadas con acciones de asistencia social (Metadatos) | B109: Población Cautiva | C109: Persona | E109: X | F109: =F99+F102+F104 -> 0 | G109: =G99+G102+G104 -> 0 | H109: =H99+H102+H104 -> 0 | I109: =I99+I102+I104 -> 0 | J109: =J99+J102+J104 -> 0 | K109: =K99+K102+K104 -> 0 | L109: =L99+L102+L104 -> 0 | M109: =M99+M102+M104 -> 2 | ... AK109: =AK99+AK102+AK104 -> 0 | AL109: =SUM(F109:AK109) -> 18
B110: Población Abierta | C110: Persona | D110: X | F110: =#REF!+#REF!+#REF!+#REF! -> #REF! | G110: =#REF!+#REF!+#REF!+#REF! -> #REF! | H110: =#REF!+#REF!+#REF!+#REF! -> #REF! | I110: =#REF!+#REF!+#REF!+#REF! -> #REF! | J110: =#REF!+#REF!+#REF!+#REF! -> #REF! | K110: =#REF!+#REF!+#REF!+#REF! -> #REF! | L110: =#REF!+#REF!+#REF!+#REF! -> #REF! | M110: =#REF!+#REF!+#REF!+#REF! -> #REF! | ... AK110: =#REF!+#REF!+#REF!+#REF! -> #REF! | AL110: =SUM(F110:AK110) -> #REF!
I113: ENERO | J113: METADATOS
A114: POBLACION BENEFICIADA CON ACCIONES DE ASISTENCIA SOCIAL (METADATOS) | I114: ='1'!AL18+'1'!AL21+AL24 -> 18 | J114: 2
A116: Objetivo 1. Beneficiar a más de un millón de personas sujetas a la asistencia social con programas de salud, alimentación a niñas y niños, apoyos para mujeres, madres solteras, personas con discapacidad, adultos mayores, jóvenes y migrantes.
A117: Estrategia 1.2 Contribuir al desarrollo integral de las niñas, niños y adolescentes.
...
